Workbook
Name Adj_EPS: '[1]Main Worksheet'!$A$98:$AY$98
Name Adjusted_Earnings_Per_Share__attributable_to_Leidos: '[2]Main Worksheet'!$A$138:$AQ$138
Name Adjusted_EBITDA: '[3]Main Worksheet'!$A$60:$AY$60
Name Adjusted_EBITDA_Margin: '[3]Main Worksheet'!$A$61:$AY$61
Name Adjusted_EPS: '[4]Main Worksheet'!$A$124:$BP$124
Name AEBIT: '[1]Main Worksheet'!$A$60:$AY$60
Name AEBIT_margin: '[1]Main Worksheet'!$A$61:$AY$61
Name AEBITDA: '[1]Main Worksheet'!$A$77:$AY$77
Name AEBITDA_margin: '[1]Main Worksheet'!$A$80:$AY$80
Name Aerospace: #REF!
Name Capex: #REF!
Name Cash: '[4]Main Worksheet'!$A$284:$FJ$284
Name Cash_EPS__excl._intangible_amortization: '[3]Main Worksheet'!$A$91:$AY$91
Name Cash_Net_Income__excl._intangible_amortization: '[3]Main Worksheet'!$A$88:$AY$88
Name Cash_used__provided__by_MARPA: '[3]Main Worksheet'!$A$137:$AY$137
Name CFO: '[1]Main Worksheet'!$A$124:$AY$124
Name Combat_Systems: #REF!
Name Core_EPS: [5]Main!$A$88:$AH$88
Name Core_Operating_Income: [5]Main!$A$54:$AD$55
Name date: #REF!
Name Diluted_EPS: #REF!
Name diluted_shares: '[1]Main Worksheet'!$A$46:$AY$46
Name Diluted_Shares_Outstanding: #REF!
Name Div_Per_Share: [5]Main!$A$90:$AJ$90
Name Dividends_per_Share: #REF!
Name EBIT_Margin: #REF!
Name EBITDA_as_Defined: '[4]Main Worksheet'!$A$145:$BO$145
Name EPS___Diluted: '[2]Main Worksheet'!$A$80:$AQ$80
Name FCF: '[1]Main Worksheet'!$A$152:$AY$152
Name FCF_Net_Income: #REF!
Name Free_Cash_Flow: #REF!
Name Free_Cash_Flow__ex._MARPA: '[3]Main Worksheet'!$A$138:$AY$138
Name Free_Cash_Flow_per_Share: #REF!
Name FY: '[1]Main Worksheet'!$A$2:$AY$2
Name GAAP_EPS: '[1]Main Worksheet'!$A$42:$AY$42
Name gross_debt: '[1]Main Worksheet'!$A$222:$AY$222
Name Gross_Profit: '[1]Main Worksheet'!$A$19:$AY$19
Name Gulfstream_Deliveries: #REF!
Name Leverage__Net_Debt_EBITDA: #REF!
Name Leverage_Data: [5]Main!$A$244:$AQ$250
Name Marine: #REF!
Name Net_Debt: #REF!
Name Net_Income: #REF!
Name net_leverage: '[1]Main Worksheet'!$A$229:$AY$229
Name Net_sales: '[1]Main Worksheet'!$A$8:$AY$8
Name Operating_cash_flow: #REF!
Name Operating_CF: '[4]Main Worksheet'!$A$178:$BH$178
Name Operating_income: #REF!
Name Operating_Income___GAAP: '[3]Main Worksheet'!$A$26:$AY$26
Name Operating_Margin___GAAP: '[3]Main Worksheet'!$A$27:$AY$27
Name Period_End: [5]Main!$A$4:$AQ$5
Name Period_Ended: '[1]Main Worksheet'!$A$3:$AY$3
Name Reported_Sales: '[2]Main Worksheet'!$A$11:$AQ$11
Name Rev_ex_billable: '[1]Main Worksheet'!$A$50:$AY$50
Name Sales: #REF!
Name Segment_EBIT: [5]Main!$A$29:$AB$40
Name Segment_Sales: [5]Main!$A$7:$AB$13
Name Sharecount: '[2]Main Worksheet'!$C$86:$AQ$86
Name Technologies: #REF!
Name Total_Adjusted_Operating_Income: '[2]Main Worksheet'!$A$112:$AQ$112

Sheet Cover
B33: Woodward Model
B35: 44962 | D35: TICKER: | G35: WWD

Sheet Model
A1: Woodward, Inc. (WWD)
A2: =TSM!C6 -> 103.84
A6: Woodward, Inc. | B6: Fiscal Year Ended September 30,
C7: FQ1 '19 | D7: FQ2 '19 | E7: FQ3 '19 | F7: FQ4 '19 | G7: FY '19 | H7: FQ1 '20 | I7: FQ2 '20 | J7: FQ3 ' 20 | K7: FQ4 '20 | L7: FY '20 | M7: FQ1 '21 | N7: FQ2 '21 | O7: FQ3 '21 | P7: FQ4 '21 | Q7: FY '21 | R7: FQ1 '22 | S7: FQ2 '22 | T7: FQ3 '22 | U7: FQ4 '22 | V7: FY '22 | W7: FQ1 '23 | X7: FQ2 '23 | Y7: FQ3 '23 | Z7: FQ4 '23 | AA7: FY '23 | AB7: FQ1 '24 | AC7: FQ2 '24 | AD7: FQ3 '24 | AE7: FQ4 '24 | AF7: FY '24 | AG7: FQ1 '25 | AH7: FQ2 '25 | AI7: FQ3 '25 | AJ7: FQ4 '25 | AK7: FY '25 | AL7: FY '26 | AM7: FY '27 | AN7: FY '28
C8: 43465 | D8: 43555 | E8: 43646 | F8: 43738 | H8: 43830 | I8: 43921 | J8: 44012 | K8: 44104 | M8: 44196 | N8: 44286 | O8: 44377 | P8: 44469 | R8: 44561 | S8: 44651 | T8: 44742 | U8: 44834 | W8: 44926 | X8: 45016 | Y8: 45107 | Z8: 45199 | AB8: 45291 | AC8: 45382 | AD8: 45473 | AE8: 45565 | AG8: 45657 | AH8: 45747 | AI8: 45838 | AJ8: 45930
X9: EST | Y9: EST | Z9: EST | AA9: EST | AB9: EST | AC9: EST | AD9: EST | AE9: EST | AF9: EST | AG9: EST | AH9: EST | AI9: EST | AJ9: EST | AK9: EST | AL9: EST | AM9: EST | AN9: EST
A11: OEM Revenue Build
A12: Commercial Aerospace - Deliveries
A13: Boeing
A14: 737NG | C14: ='Boeing Historical Deliveries'!R54 -> 101 | D14: ='Boeing Historical Deliveries'!V54 -> 28 | E14: ='Boeing Historical Deliveries'!Y54 -> 1 | F14: ='Boeing Historical Deliveries'!AB54 -> 17 | G14: =SUM(C14:F14) -> 147 | H14: ='Boeing Historical Deliveries'!AE54 -> 23 | I14: ='Boeing Historical Deliveries'!AI54 -> 11 | J14: ='Boeing Historical Deliveries'!AL54 -> 3 | K14: ='Boeing Historical Deliveries'!AO54 -> 2 | L14: =SUM(H14:K14) -> 39 | M14: ='Boeing Historical Deliveries'!AR54 -> 0 | N14: ='Boeing Historical Deliveries'!AV54 -> 16 | O14: ='Boeing Historical Deliveries'!AY54 -> 0 | P14: ='Boeing Historical Deliveries'!BB54 -> 0 | Q14: =SUM(M14:P14) -> 16 | R14: ='Boeing Historical Deliveries'!BE54 -> 0 | S14: ='Boeing Historical Deliveries'!BI54 -> 12 | T14: ='Boeing Historical Deliveries'!BL54 -> 0 | U14: ='Boeing Historical Deliveries'!BO54 -> 0 | V14: =SUM(R14:U14) -> 12 | W14: ='Boeing Historical Deliveries'!BR54 -> 0 | X14: 3 | Y14: 3 | Z14: 3 | AA14: =SUM(W14:Z14) -> 9 | AB14: =Z14 -> 3 | AC14: 3 | AD14: 3 | AE14: 1.5 | AF14: =SUM(AB14:AE14) -> 10.5 | AG14: =AE14 -> 1.5 | AH14: =AG14 -> 1.5 | AI14: =AH14 -> 1.5 | AJ14: =AI14 -> 1.5 | AK14: =SUM(AG14:AJ14) -> 6
A15: 737MAX | C15: ='Boeing Historical Deliveries'!R55 -> 98 | D15: ='Boeing Historical Deliveries'!V55 -> 11 | E15: ='Boeing Historical Deliveries'!Y55 -> 10 | F15: ='Boeing Historical Deliveries'!AB55 -> 15 | G15: =SUM(C15:F15) -> 134 | H15: ='Boeing Historical Deliveries'!AE55 -> 21 | I15: ='Boeing Historical Deliveries'!AI55 -> 10 | J15: ='Boeing Historical Deliveries'!AL55 -> 5 | K15: ='Boeing Historical Deliveries'!AO55 -> 5 | L15: =SUM(H15:K15) -> 41 | M15: ='Boeing Historical Deliveries'!AR55 -> 7 | N15: ='Boeing Historical Deliveries'!AV55 -> 54 | O15: ='Boeing Historical Deliveries'!AY55 -> 46 | P15: ='Boeing Historical Deliveries'!BB55 -> 41 | Q15: =SUM(M15:P15) -> 148 | R15: ='Boeing Historical Deliveries'!BE55 -> 104 | S15: ='Boeing Historical Deliveries'!BI55 -> 99 | T15: ='Boeing Historical Deliveries'!BL55 -> 88 | U15: ='Boeing Historical Deliveries'!BO55 -> 79 | V15: =SUM(R15:U15) -> 370 | W15: ='Boeing Historical Deliveries'!BR55 -> 108 | X15: 69 | Y15: 69 | Z15: 81 | AA15: =SUM(W15:Z15) -> 327 | AB15: =Z15 -> 81 | AC15: 90 | AD15: 102 | AE15: 112.5 | AF15: =SUM(AB15:AE15) -> 385.5 | AG15: =AE15 -> 112.5 | AH15: 112.5 | AI15: 124.5 | AJ15: 139.5 | AK15: =SUM(AG15:AJ15) -> 489 | AL15: 594 | AM15: =AL15 -> 594 | AN15: =AM15 -> 594
A16: 767 | C16: ='Boeing Historical Deliveries'!R56 -> 4 | D16: ='Boeing Historical Deliveries'!V56 -> 11 | E16: ='Boeing Historical Deliveries'!Y56 -> 5 | F16: ='Boeing Historical Deliveries'!AB56 -> 27 | G16: =SUM(C16:F16) -> 47 | H16: ='Boeing Historical Deliveries'!AE56 -> 0 | I16: ='Boeing Historical Deliveries'!AI56 -> 5 | J16: ='Boeing Historical Deliveries'!AL56 -> 8 | K16: ='Boeing Historical Deliveries'!AO56 -> 17 | L16: =SUM(H16:K16) -> 30 | M16: ='Boeing Historical Deliveries'!AR56 -> 0 | N16: ='Boeing Historical Deliveries'!AV56 -> 3 | O16: ='Boeing Historical Deliveries'!AY56 -> 7 | P16: ='Boeing Historical Deliveries'!BB56 -> 20 | Q16: =SUM(M16:P16) -> 30 | R16: ='Boeing Historical Deliveries'!BE56 -> 2 | S16: ='Boeing Historical Deliveries'!BI56 -> 9 | T16: ='Boeing Historical Deliveries'!BL56 -> 8 | U16: ='Boeing Historical Deliveries'!BO56 -> 16 | V16: =SUM(R16:U16) -> 35 | W16: ='Boeing Historical Deliveries'!BR56 -> 0 | X16: =S16 -> 9 | Y16: =X16 -> 9 | Z16: =Y16 -> 9 | AA16: =SUM(W16:Z16) -> 27 | AB16: =Z16 -> 9 | AC16: =AB16 -> 9 | AD16: =AC16 -> 9 | AE16: =AD16 -> 9 | AF16: =SUM(AB16:AE16) -> 36 | AG16: =AE16 -> 9 | AH16: =AG16 -> 9 | AI16: =AH16 -> 9 | AJ16: =AI16 -> 9 | AK16: =SUM(AG16:AJ16) -> 36 | AL16: =AK16 -> 36 | AM16: =AL16 -> 36 | AN16: =AM16 -> 36
A17: 747-8 | C17: ='Boeing Historical Deliveries'!R57 -> 6 | D17: ='Boeing Historical Deliveries'!V57 -> 1 | E17: ='Boeing Historical Deliveries'!Y57 -> 0 | F17: ='Boeing Historical Deliveries'!AB57 -> 0 | G17: =SUM(C17:F17) -> 7 | H17: ='Boeing Historical Deliveries'!AE57 -> 6 | I17: ='Boeing Historical Deliveries'!AI57 -> 4 | J17: ='Boeing Historical Deliveries'!AL57 -> 1 | K17: ='Boeing Historical Deliveries'!AO57 -> 0 | L17: =SUM(H17:K17) -> 11 | M17: ='Boeing Historical Deliveries'!AR57 -> 0 | N17: ='Boeing Historical Deliveries'!AV57 -> 7 | O17: ='Boeing Historical Deliveries'!AY57 -> 0 | P17: ='Boeing Historical Deliveries'!BB57 -> 0 | Q17: =SUM(M17:P17) -> 7 | R17: ='Boeing Historical Deliveries'!BE57 -> 0 | S17: ='Boeing Historical Deliveries'!BI57 -> 5 | T17: ='Boeing Historical Deliveries'!BL57 -> 0 | U17: ='Boeing Historical Deliveries'!BO57 -> 0 | V17: =SUM(R17:U17) -> 5 | W17: ='Boeing Historical Deliveries'!BR57 -> 0 | X17: 0 | Y17: 0 | Z17: 0 | AA17: =SUM(W17:Z17) -> 0 | AB17: =Z17 -> 0 | AC17: =AB17 -> 0 | AD17: =AC17 -> 0 | AE17: =AD17 -> 0 | AF17: =SUM(AB17:AE17) -> 0 | AG17: =AE17 -> 0 | AH17: =AG17 -> 0 | AI17: =AH17 -> 0 | AJ17: =AI17 -> 0 | AK17: =SUM(AG17:AJ17) -> 0 | AL17: =AK17 -> 0 | AM17: =AL17 -> 0 | AN17: =AM17 -> 0
A18: 777 | C18: ='Boeing Historical Deliveries'!R58 -> 22 | D18: ='Boeing Historical Deliveries'!V58 -> 0 | E18: ='Boeing Historical Deliveries'!Y58 -> 2 | F18: ='Boeing Historical Deliveries'!AB58 -> 8 | G18: =SUM(C18:F18) -> 32 | H18: ='Boeing Historical Deliveries'!AE58 -> 10 | I18: ='Boeing Historical Deliveries'!AI58 -> 0 | J18: ='Boeing Historical Deliveries'!AL58 -> 0 | K18: ='Boeing Historical Deliveries'!AO58 -> 0 | L18: =SUM(H18:K18) -> 10 | M18: ='Boeing Historical Deliveries'!AR58 -> 4 | N18: ='Boeing Historical Deliveries'!AV58 -> 0 | O18: ='Boeing Historical Deliveries'!AY58 -> 0 | P18: ='Boeing Historical Deliveries'!BB58 -> 6 | Q18: =SUM(M18:P18) -> 10 | R18: ='Boeing Historical Deliveries'!BE58 -> 2 | S18: ='Boeing Historical Deliveries'!BI58 -> 0 | T18: ='Boeing Historical Deliveries'!BL58 -> 0 | U18: ='Boeing Historical Deliveries'!BO58 -> 0 | V18: =SUM(R18:U18) -> 2 | W18: ='Boeing Historical Deliveries'!BR58 -> 3 | X18: 9 | Y18: 9 | Z18: 9 | AA18: =SUM(W18:Z18) -> 30 | AB18: =Z18 -> 9 | AC18: =AB18 -> 9 | AD18: =AC18 -> 9 | AE18: =AD18 -> 9 | AF18: =SUM(AB18:AE18) -> 36 | AG18: =AE18 -> 9 | AH18: =AG18 -> 9 | AI18: =AH18 -> 9 | AJ18: =AI18 -> 9 | AK18: =SUM(AG18:AJ18) -> 36 | AL18: =AK18 -> 36 | AM18: =AL18 -> 36 | AN18: =AM18 -> 36
A19: 777X | C19: ='Boeing Historical Deliveries'!R59 -> 7 | D19: ='Boeing Historical Deliveries'!V59 -> 7 | E19: ='Boeing Historical Deliveries'!Y59 -> 7 | F19: ='Boeing Historical Deliveries'!AB59 -> 7 | G19: =SUM(C19:F19) -> 28 | H19: ='Boeing Historical Deliveries'!AE59 -> 4 | I19: ='Boeing Historical Deliveries'!AI59 -> 0 | J19: ='Boeing Historical Deliveries'!AL59 -> 10 | K19: ='Boeing Historical Deliveries'!AO59 -> 5 | L19: =SUM(H19:K19) -> 19 | M19: ='Boeing Historical Deliveries'!AR59 -> 7 | N19: ='Boeing Historical Deliveries'!AV59 -> 2 | O19: ='Boeing Historical Deliveries'!AY59 -> 8 | P19: ='Boeing Historical Deliveries'!BB59 -> 6 | Q19: =SUM(M19:P19) -> 23 | R19: ='Boeing Historical Deliveries'!BE59 -> 0 | S19: ='Boeing Historical Deliveries'!BI59 -> 0 | T19: ='Boeing Historical Deliveries'!BL59 -> 8 | U19: ='Boeing Historical Deliveries'!BO59 -> 8 | V19: =SUM(R19:U19) -> 16 | W19: ='Boeing Historical Deliveries'!BR59 -> 5 | X19: 0 | Y19: 0 | Z19: 0 | AA19: =SUM(W19:Z19) -> 5 | AB19: =Z19 -> 0 | AC19: 1.5 | AD19: 1.5 | AE19: 1.5 | AF19: =SUM(AB19:AE19) -> 4.5 | AG19: =AE19 -> 1.5 | AH19: 3 | AI19: 6 | AJ19: 6 | AK19: =SUM(AG19:AJ19) -> 16.5 | AL19: 30 | AM19: =AL19 -> 30 | AN19: =AM19 -> 30
A20: 787 | C20: ='Boeing Historical Deliveries'!R60 -> 45 | D20: ='Boeing Historical Deliveries'!V60 -> 38 | E20: ='Boeing Historical Deliveries'!Y60 -> 51 | F20: ='Boeing Historical Deliveries'!AB60 -> 22 | G20: =SUM(C20:F20) -> 156 | H20: ='Boeing Historical Deliveries'!AE60 -> 47 | I20: ='Boeing Historical Deliveries'!AI60 -> 12 | J20: ='Boeing Historical Deliveries'!AL60 -> 15 | K20: ='Boeing Historical Deliveries'!AO60 -> 12 | L20: =SUM(H20:K20) -> 86 | M20: ='Boeing Historical Deliveries'!AR60 -> 14 | N20: ='Boeing Historical Deliveries'!AV60 -> 1 | O20: ='Boeing Historical Deliveries'!AY60 -> 1 | P20: ='Boeing Historical Deliveries'!BB60 -> 10 | Q20: =SUM(M20:P20) -> 26 | R20: ='Boeing Historical Deliveries'!BE60 -> 2 | S20: ='Boeing Historical Deliveries'!BI60 -> 8 | T20: ='Boeing Historical Deliveries'!BL60 -> 13 | U20: ='Boeing Historical Deliveries'!BO60 -> 2 | V20: =SUM(R20:U20) -> 25 | W20: ='Boeing Historical Deliveries'!BR60 -> 8 | X20: 9 | Y20: 9 | Z20: 12 | AA20: =SUM(W20:Z20) -> 38 | AB20: =Z20 -> 12 | AC20: 12 | AD20: 15 | AE20: 15 | AF20: =SUM(AB20:AE20) -> 54 | AG20: 18 | AH20: 21 | AI20: 21 | AJ20: 21 | AK20: =SUM(AG20:AJ20) -> 81 | AL20: =AK20 -> 81 | AM20: =AL20 -> 81 | AN20: =AM20 -> 81
A21: Total Boeing | C21: =SUM(C14:C20) -> 283 | D21: =SUM(D14:D20) -> 96 | E21: =SUM(E14:E20) -> 76 | F21: =SUM(F14:F20) -> 96 | G21: =SUM(G14:G20) -> 551 | H21: =SUM(H14:H20) -> 111 | I21: =SUM(I14:I20) -> 42 | J21: =SUM(J14:J20) -> 42 | ... AN21: =SUM(AN14:AN20) -> 777
A23: Airbus
A24: A320neo | C24: ='Historical deliveries - Airbus'!C12/4 -> 156.5 | D24: =E24 -> 160.5 | E24: =F24 -> 160.5 | F24: =H24 -> 160.5 | G24: =SUM(C24:F24) -> 638 | H24: ='Historical deliveries - Airbus'!C9/4 -> 160.5 | I24: ='Historical deliveries - Airbus'!C6/4 -> 111.5 | J24: =I24 -> 111.5 | K24: =J24 -> 111.5 | L24: =SUM(H24:K24) -> 495 | M24: =K24 -> 111.5 | N24: ='Historical deliveries - Airbus'!C3/4 -> 120.75 | O24: =N24 -> 120.75 | P24: =O24 -> 120.75 | Q24: =SUM(M24:P24) -> 473.75 | R24: =P24 -> 120.75 | S24: ='Airbus Deliveries 2022'!E25 -> 109 | T24: ='Airbus Deliveries 2022'!H25 -> 121 | U24: ='Airbus Deliveries 2022'!K25 -> 110 | V24: =SUM(R24:U24) -> 460.75 | W24: ='Airbus Deliveries 2022'!N25 -> 176 | X24: 150 | Y24: 157.5 | Z24: 137.5 | AA24: =SUM(W24:Z24) -> 621 | AB24: 165 | AC24: 180 | AD24: 180 | AE24: =AD24 -> 180 | AF24: =SUM(AB24:AE24) -> 705 | AG24: =AE24 -> 180 | AH24: =AG24 -> 180 | AI24: =AH24 -> 180 | AJ24: =AI24 -> 180 | AK24: =SUM(AG24:AJ24) -> 720 | AL24: =AK24 -> 720 | AM24: =AL24 -> 720 | AN24: =AM24 -> 720
A25: A220 | C25: ='Historical deliveries - Airbus'!B12/4 -> 5 | D25: =E25 -> 12 | E25: =F25 -> 12 | F25: =H25 -> 12 | G25: =SUM(C25:F25) -> 41 | H25: ='Historical deliveries - Airbus'!B9/4 -> 12 | I25: ='Historical deliveries - Airbus'!B6/4 -> 9.5 | J25: =I25 -> 9.5 | K25: =J25 -> 9.5 | L25: =SUM(H25:K25) -> 40.5 | M25: =K25 -> 9.5 | N25: ='Historical deliveries - Airbus'!B3/4 -> 12.5 | O25: =N25 -> 12.5 | P25: =O25 -> 12.5 | Q25: =SUM(M25:P25) -> 47 | R25: =P25 -> 12.5 | S25: ='Airbus Deliveries 2022'!E26 -> 11 | T25: ='Airbus Deliveries 2022'!H26 -> 14 | U25: ='Airbus Deliveries 2022'!K26 -> 9 | V25: =SUM(R25:U25) -> 46.5 | W25: ='Airbus Deliveries 2022'!N26 -> 19 | X25: 12 | Y25: 15 | Z25: 15 | AA25: =SUM(W25:Z25) -> 61 | AB25: 21 | AC25: 21 | AD25: 27 | AE25: =AD25 -> 27 | AF25: =SUM(AB25:AE25) -> 96 | AG25: 33 | AH25: 33 | AI25: 36 | AJ25: =AI25 -> 36 | AK25: =SUM(AG25:AJ25) -> 138 | AL25: =AK25 -> 138 | AM25: =AL25 -> 138 | AN25: =AM25 -> 138
A26: A350 | C26: ='Historical deliveries - Airbus'!F12/4 -> 23.25 | D26: =E26 -> 28 | E26: =F26 -> 28 | F26: =H26 -> 28 | G26: =SUM(C26:F26) -> 107.25 | H26: ='Historical deliveries - Airbus'!F9/4 -> 28 | I26: ='Historical deliveries - Airbus'!F6/4 -> 14.75 | J26: =I26 -> 14.75 | K26: =J26 -> 14.75 | L26: =SUM(H26:K26) -> 72.25 | M26: =K26 -> 14.75 | N26: ='Historical deliveries - Airbus'!F3/4 -> 13.25 | O26: =N26 -> 13.25 | P26: =O26 -> 13.25 | Q26: =SUM(M26:P26) -> 54.5 | R26: =P26 -> 13.25 | S26: ='Airbus Deliveries 2022'!E27 -> 16 | T26: ='Airbus Deliveries 2022'!H27 -> 13 | U26: ='Airbus Deliveries 2022'!K27 -> 13 | V26: =SUM(R26:U26) -> 55.25 | W26: ='Airbus Deliveries 2022'!N27 -> 20 | X26: 15 | Y26: 15 | Z26: 15 | AA26: =SUM(W26:Z26) -> 65 | AB26: =Z26 -> 15 | AC26: 18 | AD26: 21 | AE26: =AD26 -> 21 | AF26: =SUM(AB26:AE26) -> 75 | AG26: =AE26 -> 21 | AH26: =AG26 -> 21 | AI26: =AH26 -> 21 | AJ26: =AI26 -> 21 | AK26: =SUM(AG26:AJ26) -> 84 | AL26: =AK26 -> 84 | AM26: =AL26 -> 84 | AN26: =AM26 -> 84
A27: A330neo | C27: ='Historical deliveries - Airbus'!D12/4 -> 12.25 | D27: =E27 -> 13.25 | E27: =F27 -> 13.25 | F27: =H27 -> 13.25 | G27: =SUM(C27:F27) -> 52 | H27: ='Historical deliveries - Airbus'!D9/4 -> 13.25 | I27: ='Historical deliveries - Airbus'!D6/4 -> 4.75 | J27: =I27 -> 4.75 | K27: =J27 -> 4.75 | L27: =SUM(H27:K27) -> 27.5 | M27: =K27 -> 4.75 | N27: ='Historical deliveries - Airbus'!D3/4 -> 4.5 | O27: =N27 -> 4.5 | P27: =O27 -> 4.5 | Q27: =SUM(M27:P27) -> 18.25 | R27: =P27 -> 4.5 | S27: ='Airbus Deliveries 2022'!E28 -> 6 | T27: ='Airbus Deliveries 2022'!H28 -> 7 | U27: ='Airbus Deliveries 2022'!K28 -> 8 | V27: =SUM(R27:U27) -> 25.5 | W27: ='Airbus Deliveries 2022'!N28 -> 11 | X27: =W27 -> 11 | Y27: =X27 -> 11 | Z27: =Y27 -> 11 | AA27: =SUM(W27:Z27) -> 44 | AB27: 6 | AC27: 6 | AD27: 7.5 | AE27: =AD27 -> 7.5 | AF27: =SUM(AB27:AE27) -> 27 | AG27: 9 | AH27: =AG27 -> 9 | AI27: =AH27 -> 9 | AJ27: =AI27 -> 9 | AK27: =SUM(AG27:AJ27) -> 36 | AL27: =AK27 -> 36 | AM27: =AL27 -> 36 | AN27: =AM27 -> 36
A28: Total Airbus | C28: =SUM(C24:C27) -> 197 | D28: =SUM(D24:D27) -> 213.75 | E28: =SUM(E24:E27) -> 213.75 | F28: =SUM(F24:F27) -> 213.75 | G28: =SUM(G24:G27) -> 838.25 | H28: =SUM(H24:H27) -> 213.75 | I28: =SUM(I24:I27) -> 140.5 | J28: =SUM(J24:J27) -> 140.5 | ... AN28: =SUM(AN24:AN27) -> 978
A30: Embraer
A31: Ejet | G31: =SUM(C31:F31) -> 0 | L31: =SUM(H31:K31) -> 0 | Q31: =SUM(M31:P31) -> 0 | R31: 8 | S31: 8 | T31: 7 | U31: 13 | V31: =SUM(R31:U31) -> 36 | W31: 9 | X31: =W31 -> 9 | Y31: =X31 -> 9 | Z31: =Y31 -> 9 | AA31: =SUM(W31:Z31) -> 36 | AB31: =Z31 -> 9 | AC31: =AB31 -> 9 | AD31: =AC31 -> 9 | AE31: =AD31 -> 9 | AF31: =SUM(AB31:AE31) -> 36 | AG31: =AE31 -> 9 | AH31: =AG31 -> 9 | AI31: =AH31 -> 9 | AJ31: =AI31 -> 9 | AK31: =SUM(AG31:AJ31) -> 36 | AL31: =AK31 -> 36 | AM31: =AL31 -> 36 | AN31: =AM31 -> 36
A32: Ejets E2 | G32: =SUM(C32:F32) -> 0 | L32: =SUM(H32:K32) -> 0 | Q32: =SUM(M32:P32) -> 0 | R32: 12 | S32: 12 | T32: 11 | U32: 19 | V32: =SUM(R32:U32) -> 54 | W32: 13 | X32: =W32 -> 13 | Y32: =X32 -> 13 | Z32: =Y32 -> 13 | AA32: =SUM(W32:Z32) -> 52 | AB32: =Z32 -> 13 | AC32: =AB32 -> 13 | AD32: =AC32 -> 13 | AE32: =AD32 -> 13 | AF32: =SUM(AB32:AE32) -> 52 | AG32: =AE32 -> 13 | AH32: =AG32 -> 13 | AI32: =AH32 -> 13 | AJ32: =AI32 -> 13 | AK32: =SUM(AG32:AJ32) -> 52 | AL32: =AK32 -> 52 | AM32: =AL32 -> 52 | AN32: =AM32 -> 52
A33: Total Embraer | G33: =SUM(G31:G32) -> 0 | H33: =SUM(H31:H32) -> 0 | I33: =SUM(I31:I32) -> 0 | J33: =SUM(J31:J32) -> 0 | K33: =SUM(K31:K32) -> 0 | L33: =SUM(L31:L32) -> 0 | M33: =SUM(M31:M32) -> 0 | N33: =SUM(N31:N32) -> 0 | ... AN33: =SUM(AN31:AN32) -> 88
A35: Business Jets
A36: Global Express | G36: =SUM(C36:F36) -> 0 | L36: =SUM(H36:K36) -> 0 | Q36: =SUM(M36:P36) -> 0 | R36: 6 | S36: 6 | T36: 7 | U36: 11 | V36: =SUM(R36:U36) -> 30 | W36: 8 | X36: =W36 -> 8 | Y36: =X36 -> 8 | Z36: =Y36 -> 8 | AA36: =SUM(W36:Z36) -> 32 | AB36: =Z36 -> 8 | AC36: =AB36 -> 8 | AD36: =AC36 -> 8 | AE36: =AD36 -> 8 | AF36: =SUM(AB36:AE36) -> 32 | AG36: =AE36 -> 8 | AH36: =AG36 -> 8 | AI36: =AH36 -> 8 | AJ36: =AI36 -> 8 | AK36: =SUM(AG36:AJ36) -> 32 | AL36: =AK36 -> 32 | AM36: =AL36 -> 32 | AN36: =AM36 -> 32
A37: Global 7500 | G37: =SUM(C37:F37) -> 0 | L37: =SUM(H37:K37) -> 0 | Q37: =SUM(M37:P37) -> 0 | R37: 6 | S37: 6 | T37: 7 | U37: 11 | V37: =SUM(R37:U37) -> 30 | W37: 8 | X37: =W37 -> 8 | Y37: =X37 -> 8 | Z37: =Y37 -> 8 | AA37: =SUM(W37:Z37) -> 32 | AB37: =Z37 -> 8 | AC37: =AB37 -> 8 | AD37: =AC37 -> 8 | AE37: =AD37 -> 8 | AF37: =SUM(AB37:AE37) -> 32 | AG37: =AE37 -> 8 | AH37: =AG37 -> 8 | AI37: =AH37 -> 8 | AJ37: =AI37 -> 8 | AK37: =SUM(AG37:AJ37) -> 32 | AL37: =AK37 -> 32 | AM37: =AL37 -> 32 | AN37: =AM37 -> 32
A38: G650 | C38: =60/4 -> 15 | D38: 16 | E38: 15 | F38: 15 | G38: =SUM(C38:F38) -> 61 | H38: 18 | I38: 10 | J38: 6 | K38: 10 | L38: =SUM(H38:K38) -> 44 | M38: 12 | N38: 8 | O38: 7 | P38: 11 | Q38: =SUM(M38:P38) -> 38 | R38: 13 | S38: 9 | T38: 8 | U38: 8 | V38: =SUM(R38:U38) -> 38 | W38: 9 | X38: =W38 -> 9 | Y38: =X38 -> 9 | Z38: =Y38 -> 9 | AA38: =SUM(W38:Z38) -> 36 | AB38: =Z38 -> 9 | AC38: =AB38 -> 9 | AD38: =AC38 -> 9 | AE38: =AD38 -> 9 | AF38: =SUM(AB38:AE38) -> 36 | AG38: =AE38 -> 9 | AH38: =AG38 -> 9 | AI38: =AH38 -> 9 | AJ38: =AI38 -> 9 | AK38: =SUM(AG38:AJ38) -> 36 | AL38: =AK38 -> 36 | AM38: =AL38 -> 36 | AN38: =AM38 -> 36
A39: G500/G600 | C39: 7 | D39: 5 | E39: 5 | F39: =5+4 -> 9 | G39: =SUM(C39:F39) -> 26 | H39: 6 | I39: 6 | J39: 17 | K39: 13 | L39: =SUM(H39:K39) -> 42 | M39: 17 | N39: 12 | O39: 11 | P39: 13 | Q39: =SUM(M39:P39) -> 53 | R39: 20 | S39: 13 | T39: 9 | U39: 20 | V39: =SUM(R39:U39) -> 62 | W39: 20 | X39: =W39 -> 20 | Y39: =X39 -> 20 | Z39: =Y39 -> 20 | AA39: =SUM(W39:Z39) -> 80 | AB39: 25 | AC39: =AB39 -> 25 | AD39: =AC39 -> 25 | AE39: =AD39 -> 25 | AF39: =SUM(AB39:AE39) -> 100 | AG39: =AE39 -> 25 | AH39: =AG39 -> 25 | AI39: =AH39 -> 25 | AJ39: =AI39 -> 25 | AK39: =SUM(AG39:AJ39) -> 100 | AL39: =AK39 -> 100 | AM39: =AL39 -> 100 | AN39: =AM39 -> 100
A40: G700/G800 | G40: =SUM(C40:F40) -> 0 | H40: 0 | I40: 0 | J40: 0 | K40: 0 | L40: =SUM(H40:K40) -> 0 | M40: 0 | N40: 0 | O40: 0 | P40: 0 | Q40: =SUM(M40:P40) -> 0 | R40: 0 | S40: 0 | T40: 0 | U40: 0 | V40: =SUM(R40:U40) -> 0 | W40: 0 | X40: =W40 -> 0 | Y40: =X40 -> 0 | Z40: =Y40 -> 0 | AA40: =SUM(W40:Z40) -> 0 | AB40: =Z40 -> 0 | AC40: =AB40 -> 0 | AD40: =AC40 -> 0 | AE40: =AD40 -> 0 | AF40: =SUM(AB40:AE40) -> 0 | AG40: =AE40 -> 0 | AH40: =AG40 -> 0 | AI40: =AH40 -> 0 | AJ40: =AI40 -> 0 | AK40: =SUM(AG40:AJ40) -> 0 | AL40: =AK40 -> 0 | AM40: =AL40 -> 0 | AN40: =AM40 -> 0
A41: HondaJet
A42: Total Business Jets | C42: =SUM(C36:C41) -> 22 | D42: =SUM(D36:D41) -> 21 | E42: =SUM(E36:E41) -> 20 | F42: =SUM(F36:F41) -> 24 | G42: =SUM(G36:G41) -> 87 | H42: =SUM(H36:H41) -> 24 | I42: =SUM(I36:I41) -> 16 | J42: =SUM(J36:J41) -> 23 | ... AN42: =SUM(AN36:AN41) -> 200
A44: Defense Platforms - Deliveries
A45: F-15 | G45: =SUM(C45:F45) -> 0 | H45: 4 | I45: 0 | J45: 3 | K45: 0 | L45: =SUM(H45:K45) -> 7 | M45: 1 | N45: 3 | O45: 5 | P45: 3 | Q45: =SUM(M45:P45) -> 12 | R45: 5 | S45: 1 | T45: 4 | U45: 4 | V45: =SUM(R45:U45) -> 14 | W45: 3 | X45: =W45 -> 3 | Y45: =X45 -> 3 | Z45: =Y45 -> 3 | AA45: =SUM(W45:Z45) -> 12 | AB45: =Z45 -> 3 | AC45: =AB45 -> 3 | AD45: =AC45 -> 3 | AE45: =AD45 -> 3 | AF45: =SUM(AB45:AE45) -> 12 | AG45: =AE45 -> 3 | AH45: =AG45 -> 3 | AI45: =AH45 -> 3 | AJ45: =AI45 -> 3 | AK45: =SUM(AG45:AJ45) -> 12 | AL45: =AK45 -> 12 | AM45: =AL45 -> 12 | AN45: =AM45 -> 12
A46: F-16
A47: F/A-18 | G47: =SUM(C47:F47) -> 0 | H47: =4 -> 4 | I47: 5 | J47: 3 | K47: 5 | L47: =SUM(H47:K47) -> 17 | M47: 6 | N47: 4 | O47: 7 | P47: 4 | Q47: =SUM(M47:P47) -> 21 | R47: 6 | S47: 4 | T47: 4 | U47: 3 | V47: =SUM(R47:U47) -> 17 | W47: 3 | X47: =W47 -> 3 | Y47: =X47 -> 3 | Z47: =Y47 -> 3 | AA47: =SUM(W47:Z47) -> 12 | AB47: =Z47 -> 3 | AC47: =AB47 -> 3 | AD47: =AC47 -> 3 | AE47: =AD47 -> 3 | AF47: =SUM(AB47:AE47) -> 12 | AG47: =AE47 -> 3 | AH47: =AG47 -> 3 | AI47: =AH47 -> 3 | AJ47: =AI47 -> 3 | AK47: =SUM(AG47:AJ47) -> 12 | AL47: =AK47 -> 12 | AM47: =AL47 -> 12 | AN47: =AM47 -> 12
A48: Black Hawk
A49: Apache | G49: =SUM(C49:F49) -> 0 | H49: =10+18 -> 28 | I49: =2+14 -> 16 | J49: =9+18 -> 27 | K49: =7+12 -> 19 | L49: =SUM(H49:K49) -> 90 | M49: =1+8 -> 9 | N49: =9+15 -> 24 | O49: =6+16 -> 22 | P49: =4+11 -> 15 | Q49: =SUM(M49:P49) -> 70 | R49: =8+14 -> 22 | S49: =7+15 -> 22 | T49: =6+13 -> 19 | U49: =7+8 -> 15 | V49: =SUM(R49:U49) -> 78 | W49: =5+14 -> 19 | X49: =W49 -> 19 | Y49: =X49 -> 19 | Z49: =Y49 -> 19 | AA49: =SUM(W49:Z49) -> 76 | AB49: =Z49 -> 19 | AC49: =AB49 -> 19 | AD49: =AC49 -> 19 | AE49: =AD49 -> 19 | AF49: =SUM(AB49:AE49) -> 76 | AG49: =AE49 -> 19 | AH49: =AG49 -> 19 | AI49: =AH49 -> 19 | AJ49: =AI49 -> 19 | AK49: =SUM(AG49:AJ49) -> 76 | AL49: =AK49 -> 76 | AM49: =AL49 -> 76 | AN49: =AM49 -> 76
A50: F-35 | G50: =SUM(C50:F50) -> 0 | H50: =134/4 -> 33.5 | I50: =J50 -> 30 | J50: =K50 -> 30 | K50: =M50 -> 30 | L50: =SUM(H50:K50) -> 123.5 | M50: =120/4 -> 30 | N50: =O50 -> 35.5 | O50: =P50 -> 35.5 | P50: =R50 -> 35.5 | Q50: =SUM(M50:P50) -> 136.5 | R50: =142/4 -> 35.5 | S50: =T50 -> 35.25 | T50: =U50 -> 35.25 | U50: =W50 -> 35.25 | V50: =SUM(R50:U50) -> 141.25 | W50: =141/4 -> 35.25 | X50: ='F35 lots'!G7/4 -> 37.5 | Y50: =X50 -> 37.5 | Z50: =Y50 -> 37.5 | AA50: =SUM(W50:Z50) -> 147.75 | AB50: =Z50 -> 37.5 | AC50: ='F35 lots'!H7/4 -> 37.5 | AD50: =AC50 -> 37.5 | AE50: =AD50 -> 37.5 | AF50: =SUM(AB50:AE50) -> 150 | AG50: =AE50 -> 37.5 | AH50: ='F35 lots'!I7/4 -> 39 | AI50: =AH50 -> 39 | AJ50: =AI50 -> 39 | AK50: =SUM(AG50:AJ50) -> 154.5 | AL50: =AK50 -> 154.5 | AM50: =AL50 -> 154.5 | AN50: =AM50 -> 154.5
A51: KC-46 Tanker | G51: =SUM(C51:F51) -> 0 | H51: 4 | I51: 5 | J51: 1 | K51: 1 | L51: =SUM(H51:K51) -> 11 | M51: 7 | N51: 2 | O51: 2 | P51: 3 | Q51: =SUM(M51:P51) -> 14 | R51: 6 | S51: 4 | T51: 4 | U51: 1 | V51: =SUM(R51:U51) -> 15 | W51: 6 | X51: =W51 -> 6 | Y51: =X51 -> 6 | Z51: =Y51 -> 6 | AA51: =SUM(W51:Z51) -> 24 | AB51: =Z51 -> 6 | AC51: =AB51 -> 6 | AD51: =AC51 -> 6 | AE51: =AD51 -> 6 | AF51: =SUM(AB51:AE51) -> 24 | AG51: =AE51 -> 6 | AH51: =AG51 -> 6 | AI51: =AH51 -> 6 | AJ51: =AI51 -> 6 | AK51: =SUM(AG51:AJ51) -> 24 | AL51: =AK51 -> 24 | AM51: =AL51 -> 24 | AN51: =AM51 -> 24
A52: V-22
A53: T-7A
A54: Total | G54: =SUM(G45:G53) -> 0 | H54: =SUM(H45:H53) -> 73.5 | I54: =SUM(I45:I53) -> 56 | J54: =SUM(J45:J53) -> 64 | K54: =SUM(K45:K53) -> 55 | L54: =SUM(L45:L53) -> 248.5 | M54: =SUM(M45:M53) -> 53 | N54: =SUM(N45:N53) -> 68.5 | ... AN54: =SUM(AN45:AN53) -> 278.5
A56: Commercial Aero - Estimated Revenue ($ in millions) | B56: $mm/Ship-Set
A57: Boeing
A58: 737NG | B58: 0.125 | C58: =$B58*C14 -> 12.625 | D58: =$B58*D14 -> 3.5 | E58: =$B58*E14 -> 0.125 | F58: =$B58*F14 -> 2.125 | G58: =SUM(C58:F58) -> 18.375 | H58: =$B58*H14 -> 2.875 | I58: =$B58*I14 -> 1.375 | J58: =$B58*J14 -> 0.375 | K58: =$B58*K14 -> 0.25 | L58: =SUM(H58:K58) -> 4.875 | M58: =$B58*M14 -> 0 | N58: =$B58*N14 -> 2 | O58: =$B58*O14 -> 0 | P58: =$B58*P14 -> 0 | Q58: =SUM(M58:P58) -> 2 | R58: =$B58*R14 -> 0 | S58: =$B58*S14 -> 1.5 | T58: =$B58*T14 -> 0 | U58: =$B58*U14 -> 0 | V58: =SUM(R58:U58) -> 1.5 | W58: =$B58*W14 -> 0 | X58: =$B58*X14 -> 0.375 | Y58: =$B58*Y14 -> 0.375 | Z58: =$B58*Z14 -> 0.375 | AA58: =SUM(W58:Z58) -> 1.125 | AB58: =$B58*AB14 -> 0.375 | AC58: =$B58*AC14 -> 0.375 | AD58: =$B58*AD14 -> 0.375 | AE58: =$B58*AE14 -> 0.1875 | AF58: =SUM(AB58:AE58) -> 1.3125 | AG58: =$B58*AG14 -> 0.1875 | AH58: =$B58*AH14 -> 0.1875 | AI58: =$B58*AI14 -> 0.1875 | AJ58: =$B58*AJ14 -> 0.1875 | AK58: =$B58*AK14 -> 0.75 | AL58: =$B58*AL14 -> 0 | AM58: =$B58*AM14 -> 0 | AN58: =$B58*AN14 -> 0
A59: 737MAX | B59: 0.275 | C59: =$B59*C15 -> 26.95 | D59: =$B59*D15 -> 3.025 | E59: =$B59*E15 -> 2.75 | F59: =$B59*F15 -> 4.125 | G59: =SUM(C59:F59) -> 36.85 | H59: =$B59*H15 -> 5.775 | I59: =$B59*I15 -> 2.75 | J59: =$B59*J15 -> 1.375 | K59: =$B59*K15 -> 1.375 | L59: =SUM(H59:K59) -> 11.275 | M59: =$B59*M15 -> 1.925 | N59: =$B59*N15 -> 14.85 | O59: =$B59*O15 -> 12.65 | P59: =$B59*P15 -> 11.275 | Q59: =SUM(M59:P59) -> 40.7 | R59: =$B59*R15 -> 28.6 | S59: =$B59*S15 -> 27.225 | T59: =$B59*T15 -> 24.2 | U59: =$B59*U15 -> 21.725 | V59: =SUM(R59:U59) -> 101.75 | W59: =$B59*W15 -> 29.7 | X59: =$B59*X15 -> 18.975 | Y59: =$B59*Y15 -> 18.975 | Z59: =$B59*Z15 -> 22.275 | AA59: =SUM(W59:Z59) -> 89.925 | AB59: =$B59*AB15 -> 22.275 | AC59: =$B59*AC15 -> 24.75 | AD59: =$B59*AD15 -> 28.05 | AE59: =$B59*AE15 -> 30.9375 | AF59: =SUM(AB59:AE59) -> 106.0125 | AG59: =$B59*AG15 -> 30.9375 | AH59: =$B59*AH15 -> 30.9375 | AI59: =$B59*AI15 -> 34.2375 | AJ59: =$B59*AJ15 -> 38.3625 | AK59: =$B59*AK15 -> 134.475 | AL59: =$B59*AL15 -> 163.35 | AM59: =$B59*AM15 -> 163.35 | AN59: =$B59*AN15 -> 163.35
A60: 767 | B60: 0.025 | C60: =$B60*C16 -> 0.1 | D60: =$B60*D16 -> 0.275 | E60: =$B60*E16 -> 0.125 | F60: =$B60*F16 -> 0.675 | G60: =SUM(C60:F60) -> 1.175 | H60: =$B60*H16 -> 0 | I60: =$B60*I16 -> 0.125 | J60: =$B60*J16 -> 0.2 | K60: =$B60*K16 -> 0.425 | L60: =SUM(H60:K60) -> 0.75 | M60: =$B60*M16 -> 0 | N60: =$B60*N16 -> 0.075 | O60: =$B60*O16 -> 0.175 | P60: =$B60*P16 -> 0.5 | Q60: =SUM(M60:P60) -> 0.75 | R60: =$B60*R16 -> 0.05 | S60: =$B60*S16 -> 0.225 | T60: =$B60*T16 -> 0.2 | U60: =$B60*U16 -> 0.4 | V60: =SUM(R60:U60) -> 0.875 | W60: =$B60*W16 -> 0 | X60: =$B60*X16 -> 0.225 | Y60: =$B60*Y16 -> 0.225 | Z60: =$B60*Z16 -> 0.225 | AA60: =SUM(W60:Z60) -> 0.675 | AB60: =$B60*AB16 -> 0.225 | AC60: =$B60*AC16 -> 0.225 | AD60: =$B60*AD16 -> 0.225 | AE60: =$B60*AE16 -> 0.225 | AF60: =SUM(AB60:AE60) -> 0.9 | AG60: =$B60*AG16 -> 0.225 | AH60: =$B60*AH16 -> 0.225 | AI60: =$B60*AI16 -> 0.225 | AJ60: =$B60*AJ16 -> 0.225 | AK60: =$B60*AK16 -> 0.9 | AL60: =$B60*AL16 -> 0.9 | AM60: =$B60*AM16 -> 0.9 | AN60: =$B60*AN16 -> 0.9
A61: 747-8 | B61: 0.8 | C61: =$B61*C17 -> 4.8 | D61: =$B61*D17 -> 0.8 | E61: =$B61*E17 -> 0 | F61: =$B61*F17 -> 0 | G61: =SUM(C61:F61) -> 5.6 | H61: =$B61*H17 -> 4.8 | I61: =$B61*I17 -> 3.2 | J61: =$B61*J17 -> 0.8 | K61: =$B61*K17 -> 0 | L61: =SUM(H61:K61) -> 8.8 | M61: =$B61*M17 -> 0 | N61: =$B61*N17 -> 5.6 | O61: =$B61*O17 -> 0 | P61: =$B61*P17 -> 0 | Q61: =SUM(M61:P61) -> 5.6 | R61: =$B61*R17 -> 0 | S61: =$B61*S17 -> 4 | T61: =$B61*T17 -> 0 | U61: =$B61*U17 -> 0 | V61: =SUM(R61:U61) -> 4 | W61: =$B61*W17 -> 0 | X61: =$B61*X17 -> 0 | Y61: =$B61*Y17 -> 0 | Z61: =$B61*Z17 -> 0 | AA61: =SUM(W61:Z61) -> 0 | AB61: =$B61*AB17 -> 0 | AC61: =$B61*AC17 -> 0 | AD61: =$B61*AD17 -> 0 | AE61: =$B61*AE17 -> 0 | AF61: =SUM(AB61:AE61) -> 0 | AG61: =$B61*AG17 -> 0 | AH61: =$B61*AH17 -> 0 | AI61: =$B61*AI17 -> 0 | AJ61: =$B61*AJ17 -> 0 | AK61: =$B61*AK17 -> 0 | AL61: =$B61*AL17 -> 0 | AM61: =$B61*AM17 -> 0 | AN61: =$B61*AN17 -> 0
A62: 777 | B62: 0.285 | C62: =$B62*C18 -> 6.27 | D62: =$B62*D18 -> 0 | E62: =$B62*E18 -> 0.57 | F62: =$B62*F18 -> 2.28 | G62: =SUM(C62:F62) -> 9.12 | H62: =$B62*H18 -> 2.85 | I62: =$B62*I18 -> 0 | J62: =$B62*J18 -> 0 | K62: =$B62*K18 -> 0 | L62: =SUM(H62:K62) -> 2.85 | M62: =$B62*M18 -> 1.14 | N62: =$B62*N18 -> 0 | O62: =$B62*O18 -> 0 | P62: =$B62*P18 -> 1.71 | Q62: =SUM(M62:P62) -> 2.85 | R62: =$B62*R18 -> 0.57 | S62: =$B62*S18 -> 0 | T62: =$B62*T18 -> 0 | U62: =$B62*U18 -> 0 | V62: =SUM(R62:U62) -> 0.57 | W62: =$B62*W18 -> 0.855 | X62: =$B62*X18 -> 2.565 | Y62: =$B62*Y18 -> 2.565 | Z62: =$B62*Z18 -> 2.565 | AA62: =SUM(W62:Z62) -> 8.55 | AB62: =$B62*AB18 -> 2.565 | AC62: =$B62*AC18 -> 2.565 | AD62: =$B62*AD18 -> 2.565 | AE62: =$B62*AE18 -> 2.565 | AF62: =SUM(AB62:AE62) -> 10.26 | AG62: =$B62*AG18 -> 2.565 | AH62: =$B62*AH18 -> 2.565 | AI62: =$B62*AI18 -> 2.565 | AJ62: =$B62*AJ18 -> 2.565 | AK62: =$B62*AK18 -> 10.26 | AL62: =$B62*AL18 -> 10.26 | AM62: =$B62*AM18 -> 10.26 | AN62: =$B62*AN18 -> 10.26
A63: 777X | B63: 0.43 | C63: =$B63*C19 -> 3.01 | D63: =$B63*D19 -> 3.01 | E63: =$B63*E19 -> 3.01 | F63: =$B63*F19 -> 3.01 | G63: =SUM(C63:F63) -> 12.04 | H63: =$B63*H19 -> 1.72 | I63: =$B63*I19 -> 0 | J63: =$B63*J19 -> 4.3 | K63: =$B63*K19 -> 2.15 | L63: =SUM(H63:K63) -> 8.17 | M63: =$B63*M19 -> 3.01 | N63: =$B63*N19 -> 0.86 | O63: =$B63*O19 -> 3.44 | P63: =$B63*P19 -> 2.58 | Q63: =SUM(M63:P63) -> 9.89 | R63: =$B63*R19 -> 0 | S63: =$B63*S19 -> 0 | T63: =$B63*T19 -> 3.44 | U63: =$B63*U19 -> 3.44 | V63: =SUM(R63:U63) -> 6.88 | W63: =$B63*W19 -> 2.15 | X63: =$B63*X19 -> 0 | Y63: =$B63*Y19 -> 0 | Z63: =$B63*Z19 -> 0 | AA63: =SUM(W63:Z63) -> 2.15 | AB63: =$B63*AB19 -> 0 | AC63: =$B63*AC19 -> 0.645 | AD63: =$B63*AD19 -> 0.645 | AE63: =$B63*AE19 -> 0.645 | AF63: =SUM(AB63:AE63) -> 1.935 | AG63: =$B63*AG19 -> 0.645 | AH63: =$B63*AH19 -> 1.29 | AI63: =$B63*AI19 -> 2.58 | AJ63: =$B63*AJ19 -> 2.58 | AK63: =$B63*AK19 -> 7.095 | AL63: =$B63*AL19 -> 12.9 | AM63: =$B63*AM19 -> 12.9 | AN63: =$B63*AN19 -> 12.9
A64: 787 | B64: 0.21 | C64: =$B64*C20 -> 9.45 | D64: =$B64*D20 -> 7.98 | E64: =$B64*E20 -> 10.71 | F64: =$B64*F20 -> 4.62 | G64: =SUM(C64:F64) -> 32.76 | H64: =$B64*H20 -> 9.87 | I64: =$B64*I20 -> 2.52 | J64: =$B64*J20 -> 3.15 | K64: =$B64*K20 -> 2.52 | L64: =SUM(H64:K64) -> 18.06 | M64: =$B64*M20 -> 2.94 | N64: =$B64*N20 -> 0.21 | O64: =$B64*O20 -> 0.21 | P64: =$B64*P20 -> 2.1 | Q64: =SUM(M64:P64) -> 5.46 | R64: =$B64*R20 -> 0.42 | S64: =$B64*S20 -> 1.68 | T64: =$B64*T20 -> 2.73 | U64: =$B64*U20 -> 0.42 | V64: =SUM(R64:U64) -> 5.25 | W64: =$B64*W20 -> 1.68 | X64: =$B64*X20 -> 1.89 | Y64: =$B64*Y20 -> 1.89 | Z64: =$B64*Z20 -> 2.52 | AA64: =SUM(W64:Z64) -> 7.98 | AB64: =$B64*AB20 -> 2.52 | AC64: =$B64*AC20 -> 2.52 | AD64: =$B64*AD20 -> 3.15 | AE64: =$B64*AE20 -> 3.15 | AF64: =SUM(AB64:AE64) -> 11.34 | AG64: =$B64*AG20 -> 3.78 | AH64: =$B64*AH20 -> 4.41 | AI64: =$B64*AI20 -> 4.41 | AJ64: =$B64*AJ20 -> 4.41 | AK64: =$B64*AK20 -> 17.01 | AL64: =$B64*AL20 -> 17.01 | AM64: =$B64*AM20 -> 17.01 | AN64: =$B64*AN20 -> 17.01
A65: Total Boeing | C65: =SUM(C58:C64) -> 63.205 | D65: =SUM(D58:D64) -> 18.59 | E65: =SUM(E58:E64) -> 17.29 | F65: =SUM(F58:F64) -> 16.835 | G65: =SUM(G58:G64) -> 115.92 | H65: =SUM(H58:H64) -> 27.89 | I65: =SUM(I58:I64) -> 9.97 | J65: =SUM(J58:J64) -> 10.2 | ... AN65: =SUM(AN58:AN64) -> 204.42
A67: Airbus
A68: A320neo | B68: 0.23 | C68: =$B68*C24 -> 35.995 | D68: =$B68*D24 -> 36.915 | E68: =$B68*E24 -> 36.915 | F68: =$B68*F24 -> 36.915 | G68: =SUM(C68:F68) -> 146.74 | H68: =$B68*H24 -> 36.915 | I68: =$B68*I24 -> 25.645 | J68: =$B68*J24 -> 25.645 | K68: =$B68*K24 -> 25.645 | L68: =SUM(H68:K68) -> 113.85 | M68: =$B68*M24 -> 25.645 | N68: =$B68*N24 -> 27.7725 | O68: =$B68*O24 -> 27.7725 | P68: =$B68*P24 -> 27.7725 | Q68: =SUM(M68:P68) -> 108.9625 | R68: =$B68*R24 -> 27.7725 | S68: =$B68*S24 -> 25.07 | T68: =$B68*T24 -> 27.83 | U68: =$B68*U24 -> 25.3 | V68: =SUM(R68:U68) -> 105.9725 | W68: =$B68*W24 -> 40.48 | X68: =$B68*X24 -> 34.5 | Y68: =$B68*Y24 -> 36.225 | Z68: =$B68*Z24 -> 31.625 | AA68: =SUM(W68:Z68) -> 142.83 | AB68: =$B68*AB24 -> 37.95 | AC68: =$B68*AC24 -> 41.4 | AD68: =$B68*AD24 -> 41.4 | AE68: =$B68*AE24 -> 41.4 | AF68: =SUM(AB68:AE68) -> 162.15 | AG68: =$B68*AG24 -> 41.4 | AH68: =$B68*AH24 -> 41.4 | AI68: =$B68*AI24 -> 41.4 | AJ68: =$B68*AJ24 -> 41.4 | AK68: =$B68*AK24 -> 165.6 | AL68: =$B68*AL24 -> 165.6 | AM68: =$B68*AM24 -> 165.6 | AN68: =$B68*AN24 -> 165.6
A69: A220 | B69: 0.24 | C69: =$B69*C25 -> 1.2 | D69: =$B69*D25 -> 2.88 | E69: =$B69*E25 -> 2.88 | F69: =$B69*F25 -> 2.88 | G69: =SUM(C69:F69) -> 9.84 | H69: =$B69*H25 -> 2.88 | I69: =$B69*I25 -> 2.28 | J69: =$B69*J25 -> 2.28 | K69: =$B69*K25 -> 2.28 | L69: =SUM(H69:K69) -> 9.72 | M69: =$B69*M25 -> 2.28 | N69: =$B69*N25 -> 3 | O69: =$B69*O25 -> 3 | P69: =$B69*P25 -> 3 | Q69: =SUM(M69:P69) -> 11.28 | R69: =$B69*R25 -> 3 | S69: =$B69*S25 -> 2.64 | T69: =$B69*T25 -> 3.36 | U69: =$B69*U25 -> 2.16 | V69: =SUM(R69:U69) -> 11.16 | W69: =$B69*W25 -> 4.56 | X69: =$B69*X25 -> 2.88 | Y69: =$B69*Y25 -> 3.6 | Z69: =$B69*Z25 -> 3.6 | AA69: =SUM(W69:Z69) -> 14.64 | AB69: =$B69*AB25 -> 5.04 | AC69: =$B69*AC25 -> 5.04 | AD69: =$B69*AD25 -> 6.48 | AE69: =$B69*AE25 -> 6.48 | AF69: =SUM(AB69:AE69) -> 23.04 | AG69: =$B69*AG25 -> 7.92 | AH69: =$B69*AH25 -> 7.92 | AI69: =$B69*AI25 -> 8.64 | AJ69: =$B69*AJ25 -> 8.64 | AK69: =$B69*AK25 -> 33.12 | AL69: =$B69*AL25 -> 33.12 | AM69: =$B69*AM25 -> 33.12 | AN69: =$B69*AN25 -> 33.12
A70: A350 | B70: 0.046 | C70: =$B70*C26 -> 1.0695 | D70: =$B70*D26 -> 1.288 | E70: =$B70*E26 -> 1.288 | F70: =$B70*F26 -> 1.288 | G70: =SUM(C70:F70) -> 4.9335 | H70: =$B70*H26 -> 1.288 | I70: =$B70*I26 -> 0.6785 | J70: =$B70*J26 -> 0.6785 | K70: =$B70*K26 -> 0.6785 | L70: =SUM(H70:K70) -> 3.3235 | M70: =$B70*M26 -> 0.6785 | N70: =$B70*N26 -> 0.6095 | O70: =$B70*O26 -> 0.6095 | P70: =$B70*P26 -> 0.6095 | Q70: =SUM(M70:P70) -> 2.507 | R70: =$B70*R26 -> 0.6095 | S70: =$B70*S26 -> 0.736 | T70: =$B70*T26 -> 0.598 | U70: =$B70*U26 -> 0.598 | V70: =SUM(R70:U70) -> 2.5415 | W70: =$B70*W26 -> 0.92 | X70: =$B70*X26 -> 0.69 | Y70: =$B70*Y26 -> 0.69 | Z70: =$B70*Z26 -> 0.69 | AA70: =SUM(W70:Z70) -> 2.99 | AB70: =$B70*AB26 -> 0.69 | AC70: =$B70*AC26 -> 0.828 | AD70: =$B70*AD26 -> 0.966 | AE70: =$B70*AE26 -> 0.966 | AF70: =SUM(AB70:AE70) -> 3.45 | AG70: =$B70*AG26 -> 0.966 | AH70: =$B70*AH26 -> 0.966 | AI70: =$B70*AI26 -> 0.966 | AJ70: =$B70*AJ26 -> 0.966 | AK70: =$B70*AK26 -> 3.864 | AL70: =$B70*AL26 -> 3.864 | AM70: =$B70*AM26 -> 3.864 | AN70: =$B70*AN26 -> 3.864
A71: A330neo | B71: 0.2 | C71: =$B71*C27 -> 2.45 | D71: =$B71*D27 -> 2.65 | E71: =$B71*E27 -> 2.65 | F71: =$B71*F27 -> 2.65 | G71: =SUM(C71:F71) -> 10.4 | H71: =$B71*H27 -> 2.65 | I71: =$B71*I27 -> 0.95 | J71: =$B71*J27 -> 0.95 | K71: =$B71*K27 -> 0.95 | L71: =SUM(H71:K71) -> 5.5 | M71: =$B71*M27 -> 0.95 | N71: =$B71*N27 -> 0.9 | O71: =$B71*O27 -> 0.9 | P71: =$B71*P27 -> 0.9 | Q71: =SUM(M71:P71) -> 3.65 | R71: =$B71*R27 -> 0.9 | S71: =$B71*S27 -> 1.2 | T71: =$B71*T27 -> 1.4 | U71: =$B71*U27 -> 1.6 | V71: =SUM(R71:U71) -> 5.1 | W71: =$B71*W27 -> 2.2 | X71: =$B71*X27 -> 2.2 | Y71: =$B71*Y27 -> 2.2 | Z71: =$B71*Z27 -> 2.2 | AA71: =SUM(W71:Z71) -> 8.8 | AB71: =$B71*AB27 -> 1.2 | AC71: =$B71*AC27 -> 1.2 | AD71: =$B71*AD27 -> 1.5 | AE71: =$B71*AE27 -> 1.5 | AF71: =SUM(AB71:AE71) -> 5.4 | AG71: =$B71*AG27 -> 1.8 | AH71: =$B71*AH27 -> 1.8 | AI71: =$B71*AI27 -> 1.8 | AJ71: =$B71*AJ27 -> 1.8 | AK71: =$B71*AK27 -> 7.2 | AL71: =$B71*AL27 -> 7.2 | AM71: =$B71*AM27 -> 7.2 | AN71: =$B71*AN27 -> 7.2
A72: Total Airbus | C72: =SUM(C68:C71) -> 40.7145 | D72: =SUM(D68:D71) -> 43.733 | E72: =SUM(E68:E71) -> 43.733 | F72: =SUM(F68:F71) -> 43.733 | G72: =SUM(G68:G71) -> 171.9135 | H72: =SUM(H68:H71) -> 43.733 | I72: =SUM(I68:I71) -> 29.5535 | J72: =SUM(J68:J71) -> 29.5535 | ... AN72: =SUM(AN68:AN71) -> 209.784
A74: Embraer
A75: Ejet | B75: 0.165 | C75: =$B75*C31 -> 0 | D75: =$B75*D31 -> 0 | E75: =$B75*E31 -> 0 | F75: =$B75*F31 -> 0 | G75: =SUM(C75:F75) -> 0 | H75: =$B75*H31 -> 0 | I75: =$B75*I31 -> 0 | J75: =$B75*J31 -> 0 | K75: =$B75*K31 -> 0 | L75: =SUM(H75:K75) -> 0 | M75: =$B75*M31 -> 0 | N75: =$B75*N31 -> 0 | O75: =$B75*O31 -> 0 | P75: =$B75*P31 -> 0 | Q75: =SUM(M75:P75) -> 0 | R75: =$B75*R31 -> 1.32 | S75: =$B75*S31 -> 1.32 | T75: =$B75*T31 -> 1.155 | U75: =$B75*U31 -> 2.145 | V75: =SUM(R75:U75) -> 5.94 | W75: =$B75*W31 -> 1.485 | X75: =$B75*X31 -> 1.485 | Y75: =$B75*Y31 -> 1.485 | Z75: =$B75*Z31 -> 1.485 | AA75: =SUM(W75:Z75) -> 5.94 | AB75: =$B75*AB31 -> 1.485 | AC75: =$B75*AC31 -> 1.485 | AD75: =$B75*AD31 -> 1.485 | AE75: =$B75*AE31 -> 1.485 | AF75: =SUM(AB75:AE75) -> 5.94 | AG75: =$B75*AG31 -> 1.485 | AH75: =$B75*AH31 -> 1.485 | AI75: =$B75*AI31 -> 1.485 | AJ75: =$B75*AJ31 -> 1.485 | AK75: =$B75*AK31 -> 5.94 | AL75: =$B75*AL31 -> 5.94 | AM75: =$B75*AM31 -> 5.94 | AN75: =$B75*AN31 -> 5.94
A76: Ejets E2 | B76: 0.185 | C76: =$B76*C32 -> 0 | D76: =$B76*D32 -> 0 | E76: =$B76*E32 -> 0 | F76: =$B76*F32 -> 0 | G76: =SUM(C76:F76) -> 0 | H76: =$B76*H32 -> 0 | I76: =$B76*I32 -> 0 | J76: =$B76*J32 -> 0 | K76: =$B76*K32 -> 0 | L76: =SUM(H76:K76) -> 0 | M76: =$B76*M32 -> 0 | N76: =$B76*N32 -> 0 | O76: =$B76*O32 -> 0 | P76: =$B76*P32 -> 0 | Q76: =SUM(M76:P76) -> 0 | R76: =$B76*R32 -> 2.22 | S76: =$B76*S32 -> 2.22 | T76: =$B76*T32 -> 2.035 | U76: =$B76*U32 -> 3.515 | V76: =SUM(R76:U76) -> 9.99 | W76: =$B76*W32 -> 2.405 | X76: =$B76*X32 -> 2.405 | Y76: =$B76*Y32 -> 2.405 | Z76: =$B76*Z32 -> 2.405 | AA76: =SUM(W76:Z76) -> 9.62 | AB76: =$B76*AB32 -> 2.405 | AC76: =$B76*AC32 -> 2.405 | AD76: =$B76*AD32 -> 2.405 | AE76: =$B76*AE32 -> 2.405 | AF76: =SUM(AB76:AE76) -> 9.62 | AG76: =$B76*AG32 -> 2.405 | AH76: =$B76*AH32 -> 2.405 | AI76: =$B76*AI32 -> 2.405 | AJ76: =$B76*AJ32 -> 2.405 | AK76: =$B76*AK32 -> 9.62 | AL76: =$B76*AL32 -> 9.62 | AM76: =$B76*AM32 -> 9.62 | AN76: =$B76*AN32 -> 9.62
A77: Total Embraer | C77: =SUM(C75:C76) -> 0 | D77: =SUM(D75:D76) -> 0 | E77: =SUM(E75:E76) -> 0 | F77: =SUM(F75:F76) -> 0 | G77: =SUM(G75:G76) -> 0 | H77: =SUM(H75:H76) -> 0 | I77: =SUM(I75:I76) -> 0 | J77: =SUM(J75:J76) -> 0 | ... AN77: =SUM(AN75:AN76) -> 15.56
A79: Business Jets
A80: Global Express | B80: 0.23 | C80: =$B80*C36 -> 0 | D80: =$B80*D36 -> 0 | E80: =$B80*E36 -> 0 | F80: =$B80*F36 -> 0 | G80: =SUM(C80:F80) -> 0 | H80: =$B80*H36 -> 0 | I80: =$B80*I36 -> 0 | J80: =$B80*J36 -> 0 | K80: =$B80*K36 -> 0 | L80: =SUM(H80:K80) -> 0 | M80: =$B80*M36 -> 0 | N80: =$B80*N36 -> 0 | O80: =$B80*O36 -> 0 | P80: =$B80*P36 -> 0 | Q80: =SUM(M80:P80) -> 0 | R80: =$B80*R36 -> 1.38 | S80: =$B80*S36 -> 1.38 | T80: =$B80*T36 -> 1.61 | U80: =$B80*U36 -> 2.53 | V80: =SUM(R80:U80) -> 6.9 | W80: =$B80*W36 -> 1.84 | X80: =$B80*X36 -> 1.84 | Y80: =$B80*Y36 -> 1.84 | Z80: =$B80*Z36 -> 1.84 | AA80: =SUM(W80:Z80) -> 7.36 | AB80: =$B80*AB36 -> 1.84 | AC80: =$B80*AC36 -> 1.84 | AD80: =$B80*AD36 -> 1.84 | AE80: =$B80*AE36 -> 1.84 | AF80: =SUM(AB80:AE80) -> 7.36 | AG80: =$B80*AG36 -> 1.84 | AH80: =$B80*AH36 -> 1.84 | AI80: =$B80*AI36 -> 1.84 | AJ80: =$B80*AJ36 -> 1.84 | AK80: =$B80*AK36 -> 7.36 | AL80: =$B80*AL36 -> 7.36 | AM80: =$B80*AM36 -> 7.36 | AN80: =$B80*AN36 -> 7.36
A81: Global 7500 | B81: 0.365 | C81: =$B81*C37 -> 0 | D81: =$B81*D37 -> 0 | E81: =$B81*E37 -> 0 | F81: =$B81*F37 -> 0 | G81: =SUM(C81:F81) -> 0 | H81: =$B81*H37 -> 0 | I81: =$B81*I37 -> 0 | J81: =$B81*J37 -> 0 | K81: =$B81*K37 -> 0 | L81: =SUM(H81:K81) -> 0 | M81: =$B81*M37 -> 0 | N81: =$B81*N37 -> 0 | O81: =$B81*O37 -> 0 | P81: =$B81*P37 -> 0 | Q81: =SUM(M81:P81) -> 0 | R81: =$B81*R37 -> 2.19 | S81: =$B81*S37 -> 2.19 | T81: =$B81*T37 -> 2.555 | U81: =$B81*U37 -> 4.015 | V81: =SUM(R81:U81) -> 10.95 | W81: =$B81*W37 -> 2.92 | X81: =$B81*X37 -> 2.92 | Y81: =$B81*Y37 -> 2.92 | Z81: =$B81*Z37 -> 2.92 | AA81: =SUM(W81:Z81) -> 11.68 | AB81: =$B81*AB37 -> 2.92 | AC81: =$B81*AC37 -> 2.92 | AD81: =$B81*AD37 -> 2.92 | AE81: =$B81*AE37 -> 2.92 | AF81: =SUM(AB81:AE81) -> 11.68 | AG81: =$B81*AG37 -> 2.92 | AH81: =$B81*AH37 -> 2.92 | AI81: =$B81*AI37 -> 2.92 | AJ81: =$B81*AJ37 -> 2.92 | AK81: =$B81*AK37 -> 11.68 | AL81: =$B81*AL37 -> 11.68 | AM81: =$B81*AM37 -> 11.68 | AN81: =$B81*AN37 -> 11.68
A82: G650 | B82: 0.21 | C82: =$B82*C38 -> 3.15 | D82: =$B82*D38 -> 3.36 | E82: =$B82*E38 -> 3.15 | F82: =$B82*F38 -> 3.15 | G82: =SUM(C82:F82) -> 12.81 | H82: =$B82*H38 -> 3.78 | I82: =$B82*I38 -> 2.1 | J82: =$B82*J38 -> 1.26 | K82: =$B82*K38 -> 2.1 | L82: =SUM(H82:K82) -> 9.24 | M82: =$B82*M38 -> 2.52 | N82: =$B82*N38 -> 1.68 | O82: =$B82*O38 -> 1.47 | P82: =$B82*P38 -> 2.31 | Q82: =SUM(M82:P82) -> 7.98 | R82: =$B82*R38 -> 2.73 | S82: =$B82*S38 -> 1.89 | T82: =$B82*T38 -> 1.68 | U82: =$B82*U38 -> 1.68 | V82: =SUM(R82:U82) -> 7.98 | W82: =$B82*W38 -> 1.89 | X82: =$B82*X38 -> 1.89 | Y82: =$B82*Y38 -> 1.89 | Z82: =$B82*Z38 -> 1.89 | AA82: =SUM(W82:Z82) -> 7.56 | AB82: =$B82*AB38 -> 1.89 | AC82: =$B82*AC38 -> 1.89 | AD82: =$B82*AD38 -> 1.89 | AE82: =$B82*AE38 -> 1.89 | AF82: =SUM(AB82:AE82) -> 7.56 | AG82: =$B82*AG38 -> 1.89 | AH82: =$B82*AH38 -> 1.89 | AI82: =$B82*AI38 -> 1.89 | AJ82: =$B82*AJ38 -> 1.89 | AK82: =$B82*AK38 -> 7.56 | AL82: =$B82*AL38 -> 7.56 | AM82: =$B82*AM38 -> 7.56 | AN82: =$B82*AN38 -> 7.56
A83: G500/G600 | B83: 0.18 | C83: =$B83*C39 -> 1.26 | D83: =$B83*D39 -> 0.9 | E83: =$B83*E39 -> 0.9 | F83: =$B83*F39 -> 1.62 | G83: =SUM(C83:F83) -> 4.68 | H83: =$B83*H39 -> 1.08 | I83: =$B83*I39 -> 1.08 | J83: =$B83*J39 -> 3.06 | K83: =$B83*K39 -> 2.34 | L83: =SUM(H83:K83) -> 7.56 | M83: =$B83*M39 -> 3.06 | N83: =$B83*N39 -> 2.16 | O83: =$B83*O39 -> 1.98 | P83: =$B83*P39 -> 2.34 | Q83: =SUM(M83:P83) -> 9.54 | R83: =$B83*R39 -> 3.6 | S83: =$B83*S39 -> 2.34 | T83: =$B83*T39 -> 1.62 | U83: =$B83*U39 -> 3.6 | V83: =SUM(R83:U83) -> 11.16 | W83: =$B83*W39 -> 3.6 | X83: =$B83*X39 -> 3.6 | Y83: =$B83*Y39 -> 3.6 | Z83: =$B83*Z39 -> 3.6 | AA83: =SUM(W83:Z83) -> 14.4 | AB83: =$B83*AB39 -> 4.5 | AC83: =$B83*AC39 -> 4.5 | AD83: =$B83*AD39 -> 4.5 | AE83: =$B83*AE39 -> 4.5 | AF83: =SUM(AB83:AE83) -> 18 | AG83: =$B83*AG39 -> 4.5 | AH83: =$B83*AH39 -> 4.5 | AI83: =$B83*AI39 -> 4.5 | AJ83: =$B83*AJ39 -> 4.5 | AK83: =$B83*AK39 -> 18 | AL83: =$B83*AL39 -> 18 | AM83: =$B83*AM39 -> 18 | AN83: =$B83*AN39 -> 18
A84: G700/G800 | B84: 0.119 | C84: =$B84*C40 -> 0 | D84: =$B84*D40 -> 0 | E84: =$B84*E40 -> 0 | F84: =$B84*F40 -> 0 | G84: =SUM(C84:F84) -> 0 | H84: =$B84*H40 -> 0 | I84: =$B84*I40 -> 0 | J84: =$B84*J40 -> 0 | K84: =$B84*K40 -> 0 | L84: =SUM(H84:K84) -> 0 | M84: =$B84*M40 -> 0 | N84: =$B84*N40 -> 0 | O84: =$B84*O40 -> 0 | P84: =$B84*P40 -> 0 | Q84: =SUM(M84:P84) -> 0 | R84: =$B84*R40 -> 0 | S84: =$B84*S40 -> 0 | T84: =$B84*T40 -> 0 | U84: =$B84*U40 -> 0 | V84: =SUM(R84:U84) -> 0 | W84: =$B84*W40 -> 0 | X84: =$B84*X40 -> 0 | Y84: =$B84*Y40 -> 0 | Z84: =$B84*Z40 -> 0 | AA84: =SUM(W84:Z84) -> 0 | AB84: =$B84*AB40 -> 0 | AC84: =$B84*AC40 -> 0 | AD84: =$B84*AD40 -> 0 | AE84: =$B84*AE40 -> 0 | AF84: =SUM(AB84:AE84) -> 0 | AG84: =$B84*AG40 -> 0 | AH84: =$B84*AH40 -> 0 | AI84: =$B84*AI40 -> 0 | AJ84: =$B84*AJ40 -> 0 | AK84: =$B84*AK40 -> 0 | AL84: =$B84*AL40 -> 0 | AM84: =$B84*AM40 -> 0 | AN84: =$B84*AN40 -> 0
A85: HondaJet | B85: 0.09 | C85: =$B85*C41 -> 0 | D85: =$B85*D41 -> 0 | E85: =$B85*E41 -> 0 | F85: =$B85*F41 -> 0 | G85: =SUM(C85:F85) -> 0 | H85: =$B85*H41 -> 0 | I85: =$B85*I41 -> 0 | J85: =$B85*J41 -> 0 | K85: =$B85*K41 -> 0 | L85: =SUM(H85:K85) -> 0 | M85: =$B85*M41 -> 0 | N85: =$B85*N41 -> 0 | O85: =$B85*O41 -> 0 | P85: =$B85*P41 -> 0 | Q85: =SUM(M85:P85) -> 0 | R85: =$B85*R41 -> 0 | S85: =$B85*S41 -> 0 | T85: =$B85*T41 -> 0 | U85: =$B85*U41 -> 0 | V85: =SUM(R85:U85) -> 0 | W85: =$B85*W41 -> 0 | X85: =$B85*X41 -> 0 | Y85: =$B85*Y41 -> 0 | Z85: =$B85*Z41 -> 0 | AA85: =SUM(W85:Z85) -> 0 | AB85: =$B85*AB41 -> 0 | AC85: =$B85*AC41 -> 0 | AD85: =$B85*AD41 -> 0 | AE85: =$B85*AE41 -> 0 | AF85: =SUM(AB85:AE85) -> 0 | AG85: =$B85*AG41 -> 0 | AH85: =$B85*AH41 -> 0 | AI85: =$B85*AI41 -> 0 | AJ85: =$B85*AJ41 -> 0 | AK85: =$B85*AK41 -> 0 | AL85: =$B85*AL41 -> 0 | AM85: =$B85*AM41 -> 0 | AN85: =$B85*AN41 -> 0
A86: Total Business Jets | C86: =SUM(C80:C85) -> 4.41 | D86: =SUM(D80:D85) -> 4.26 | E86: =SUM(E80:E85) -> 4.05 | F86: =SUM(F80:F85) -> 4.77 | G86: =SUM(G80:G85) -> 17.49 | H86: =SUM(H80:H85) -> 4.86 | I86: =SUM(I80:I85) -> 3.18 | J86: =SUM(J80:J85) -> 4.32 | ... AN86: =SUM(AN80:AN85) -> 44.6
A88: Total Commercial OEM | C88: =SUM(C65,C72,C77,C86) -> 108.3295 | D88: =SUM(D65,D72,D77,D86) -> 66.583 | E88: =SUM(E65,E72,E77,E86) -> 65.073 | F88: =SUM(F65,F72,F77,F86) -> 65.338 | G88: =SUM(G65,G72,G77,G86) -> 305.3235 | H88: =SUM(H65,H72,H77,H86) -> 76.483 | I88: =SUM(I65,I72,I77,I86) -> 42.7035 | J88: =SUM(J65,J72,J77,J86) -> 44.0735 | ... AN88: =SUM(AN65,AN72,AN77,AN86) -> 474.364
A90: Other Commercial OEM Content | C90: =C109-C88 -> 32.1785 | D90: =D109-D88 -> 107.76 | E90: =E109-E88 -> 109.004 | F90: =F109-F88 -> 105.07 | G90: =G109-G88 -> 354.0125 | H90: =H109-H88 -> 82.183 | I90: =I109-I88 -> 101.9065 | J90: =J109-J88 -> 19.7305 | ... W90: =W109-W88 -> 33.05098 | X90: =G90/4*90% -> 79.652813 | Y90: =X90 -> 79.652813 | Z90: =Y90 -> 79.652813 | AA90: =SUM(W90:Z90) -> 272.00942 | AB90: =G90/4*95% -> 84.077969 | AC90: =AB90 -> 84.077969 | AD90: =AC90 -> 84.077969 | AE90: =AD90 -> 84.077969 | AF90: =SUM(AB90:AE90) -> 336.31188 | AG90: =G90/4*105% -> 92.928281 | AH90: =AG90 -> 92.928281 | AI90: =AH90 -> 92.928281 | AJ90: =AI90 -> 92.928281 | AK90: =SUM(AG90:AJ90) -> 371.71313 | AL90: =AK90*1.05 -> 390.29878 | AM90: =AL90*1.05 -> 409.81372 | AN90: =AM90*1.05 -> 430.30441
A92: Defense Platforms - Estimated Revenue ($ in millions) | B92: $mm/Ship-Set
A94: F-15 | B94: 0.33 | C94: =$B94*C45 -> 0 | D94: =$B94*D45 -> 0 | E94: =$B94*E45 -> 0 | F94: =$B94*F45 -> 0 | G94: =SUM(C94:F94) -> 0 | H94: =$B94*H45 -> 1.32 | I94: =$B94*I45 -> 0 | J94: =$B94*J45 -> 0.99 | K94: =$B94*K45 -> 0 | L94: =SUM(H94:K94) -> 2.31 | M94: =$B94*M45 -> 0.33 | N94: =$B94*N45 -> 0.99 | O94: =$B94*O45 -> 1.65 | P94: =$B94*P45 -> 0.99 | Q94: =SUM(M94:P94) -> 3.96 | R94: =$B94*R45 -> 1.65 | S94: =$B94*S45 -> 0.33 | T94: =$B94*T45 -> 1.32 | U94: =$B94*U45 -> 1.32 | V94: =SUM(R94:U94) -> 4.62 | W94: =$B94*W45 -> 0.99 | X94: =$B94*X45 -> 0.99 | Y94: =$B94*Y45 -> 0.99 | Z94: =$B94*Z45 -> 0.99 | AA94: =SUM(W94:Z94) -> 3.96 | AB94: =$B94*AB45 -> 0.99 | AC94: =$B94*AC45 -> 0.99 | AD94: =$B94*AD45 -> 0.99 | AE94: =$B94*AE45 -> 0.99 | AF94: =SUM(AB94:AE94) -> 3.96 | AG94: =$B94*AG45 -> 0.99 | AH94: =$B94*AH45 -> 0.99 | AI94: =$B94*AI45 -> 0.99 | AJ94: =$B94*AJ45 -> 0.99 | AK94: =SUM(AG94:AJ94) -> 3.96 | AL94: =$B94*AL45 -> 3.96 | AM94: =$B94*AM45 -> 3.96 | AN94: =$B94*AN45 -> 3.96
A95: F-16 | B95: 0.125
A96: F/A-18 | B96: 0.335 | C96: =$B96*C47 -> 0 | D96: =$B96*D47 -> 0 | E96: =$B96*E47 -> 0 | F96: =$B96*F47 -> 0 | G96: =SUM(C96:F96) -> 0 | H96: =$B96*H47 -> 1.34 | I96: =$B96*I47 -> 1.675 | J96: =$B96*J47 -> 1.005 | K96: =$B96*K47 -> 1.675 | L96: =SUM(H96:K96) -> 5.695 | M96: =$B96*M47 -> 2.01 | N96: =$B96*N47 -> 1.34 | O96: =$B96*O47 -> 2.345 | P96: =$B96*P47 -> 1.34 | Q96: =SUM(M96:P96) -> 7.035 | R96: =$B96*R47 -> 2.01 | S96: =$B96*S47 -> 1.34 | T96: =$B96*T47 -> 1.34 | U96: =$B96*U47 -> 1.005 | V96: =SUM(R96:U96) -> 5.695 | W96: =$B96*W47 -> 1.005 | X96: =$B96*X47 -> 1.005 | Y96: =$B96*Y47 -> 1.005 | Z96: =$B96*Z47 -> 1.005 | AA96: =SUM(W96:Z96) -> 4.02 | AB96: =$B96*AB47 -> 1.005 | AC96: =$B96*AC47 -> 1.005 | AD96: =$B96*AD47 -> 1.005 | AE96: =$B96*AE47 -> 1.005 | AF96: =SUM(AB96:AE96) -> 4.02 | AG96: =$B96*AG47 -> 1.005 | AH96: =$B96*AH47 -> 1.005 | AI96: =$B96*AI47 -> 1.005 | AJ96: =$B96*AJ47 -> 1.005 | AK96: =SUM(AG96:AJ96) -> 4.02 | AL96: =$B96*AL47 -> 4.02 | AM96: =$B96*AM47 -> 4.02 | AN96: =$B96*AN47 -> 4.02
A97: Black Hawk | B97: 0.055
A98: Apache | B98: 0.145 | C98: =$B98*C49 -> 0 | D98: =$B98*D49 -> 0 | E98: =$B98*E49 -> 0 | F98: =$B98*F49 -> 0 | G98: =SUM(C98:F98) -> 0 | H98: =$B98*H49 -> 4.06 | I98: =$B98*I49 -> 2.32 | J98: =$B98*J49 -> 3.915 | K98: =$B98*K49 -> 2.755 | L98: =SUM(H98:K98) -> 13.05 | M98: =$B98*M49 -> 1.305 | N98: =$B98*N49 -> 3.48 | O98: =$B98*O49 -> 3.19 | P98: =$B98*P49 -> 2.175 | Q98: =SUM(M98:P98) -> 10.15 | R98: =$B98*R49 -> 3.19 | S98: =$B98*S49 -> 3.19 | T98: =$B98*T49 -> 2.755 | U98: =$B98*U49 -> 2.175 | V98: =SUM(R98:U98) -> 11.31 | W98: =$B98*W49 -> 2.755 | X98: =$B98*X49 -> 2.755 | Y98: =$B98*Y49 -> 2.755 | Z98: =$B98*Z49 -> 2.755 | AA98: =SUM(W98:Z98) -> 11.02 | AB98: =$B98*AB49 -> 2.755 | AC98: =$B98*AC49 -> 2.755 | AD98: =$B98*AD49 -> 2.755 | AE98: =$B98*AE49 -> 2.755 | AF98: =SUM(AB98:AE98) -> 11.02 | AG98: =$B98*AG49 -> 2.755 | AH98: =$B98*AH49 -> 2.755 | AI98: =$B98*AI49 -> 2.755 | AJ98: =$B98*AJ49 -> 2.755 | AK98: =SUM(AG98:AJ98) -> 11.02 | AL98: =$B98*AL49 -> 11.02 | AM98: =$B98*AM49 -> 11.02 | AN98: =$B98*AN49 -> 11.02
A99: F-35 | B99: 0.3 | C99: =$B99*C50 -> 0 | D99: =$B99*D50 -> 0 | E99: =$B99*E50 -> 0 | F99: =$B99*F50 -> 0 | G99: =SUM(C99:F99) -> 0 | H99: =$B99*H50 -> 10.05 | I99: =$B99*I50 -> 9 | J99: =$B99*J50 -> 9 | K99: =$B99*K50 -> 9 | L99: =SUM(H99:K99) -> 37.05 | M99: =$B99*M50 -> 9 | N99: =$B99*N50 -> 10.65 | O99: =$B99*O50 -> 10.65 | P99: =$B99*P50 -> 10.65 | Q99: =SUM(M99:P99) -> 40.95 | R99: =$B99*R50 -> 10.65 | S99: =$B99*S50 -> 10.575 | T99: =$B99*T50 -> 10.575 | U99: =$B99*U50 -> 10.575 | V99: =SUM(R99:U99) -> 42.375 | W99: =$B99*W50 -> 10.575 | X99: =$B99*X50 -> 11.25 | Y99: =$B99*Y50 -> 11.25 | Z99: =$B99*Z50 -> 11.25 | AA99: =SUM(W99:Z99) -> 44.325 | AB99: =$B99*AB50 -> 11.25 | AC99: =$B99*AC50 -> 11.25 | AD99: =$B99*AD50 -> 11.25 | AE99: =$B99*AE50 -> 11.25 | AF99: =SUM(AB99:AE99) -> 45 | AG99: =$B99*AG50 -> 11.25 | AH99: =$B99*AH50 -> 11.7 | AI99: =$B99*AI50 -> 11.7 | AJ99: =$B99*AJ50 -> 11.7 | AK99: =SUM(AG99:AJ99) -> 46.35 | AL99: =$B99*AL50 -> 46.35 | AM99: =$B99*AM50 -> 46.35 | AN99: =$B99*AN50 -> 46.35
A100: KC-46 Tanker | B100: 0.545 | C100: =$B100*C51 -> 0 | D100: =$B100*D51 -> 0 | E100: =$B100*E51 -> 0 | F100: =$B100*F51 -> 0 | G100: =SUM(C100:F100) -> 0 | H100: =$B100*H51 -> 2.18 | I100: =$B100*I51 -> 2.725 | J100: =$B100*J51 -> 0.545 | K100: =$B100*K51 -> 0.545 | L100: =SUM(H100:K100) -> 5.995 | M100: =$B100*M51 -> 3.815 | N100: =$B100*N51 -> 1.09 | O100: =$B100*O51 -> 1.09 | P100: =$B100*P51 -> 1.635 | Q100: =SUM(M100:P100) -> 7.63 | R100: =$B100*R51 -> 3.27 | S100: =$B100*S51 -> 2.18 | T100: =$B100*T51 -> 2.18 | U100: =$B100*U51 -> 0.545 | V100: =SUM(R100:U100) -> 8.175 | W100: =$B100*W51 -> 3.27 | X100: =$B100*X51 -> 3.27 | Y100: =$B100*Y51 -> 3.27 | Z100: =$B100*Z51 -> 3.27 | AA100: =SUM(W100:Z100) -> 13.08 | AB100: =$B100*AB51 -> 3.27 | AC100: =$B100*AC51 -> 3.27 | AD100: =$B100*AD51 -> 3.27 | AE100: =$B100*AE51 -> 3.27 | AF100: =SUM(AB100:AE100) -> 13.08 | AG100: =$B100*AG51 -> 3.27 | AH100: =$B100*AH51 -> 3.27 | AI100: =$B100*AI51 -> 3.27 | AJ100: =$B100*AJ51 -> 3.27 | AK100: =SUM(AG100:AJ100) -> 13.08 | AL100: =$B100*AL51 -> 13.08 | AM100: =$B100*AM51 -> 13.08 | AN100: =$B100*AN51 -> 13.08
A101: V-22 | B101: 0.645
A102: T-7A | B102: 0.27
A103: Total | C103: =SUM(C94:C102) -> 0 | D103: =SUM(D94:D102) -> 0 | E103: =SUM(E94:E102) -> 0 | F103: =SUM(F94:F102) -> 0 | G103: =SUM(G94:G102) -> 0 | H103: =SUM(H94:H102) -> 18.95 | I103: =SUM(I94:I102) -> 15.72 | J103: =SUM(J94:J102) -> 15.455 | ... AN103: =SUM(AN94:AN102) -> 78.43
A105: Other Defense OEM Content | G105: =G111-G103 -> 529.94 | H105: =H111-H103 -> 121.976 | I105: =I111-I103 -> 124.181 | J105: =J111-J103 -> 96.212 | K105: =K111-K103 -> 119.795 | L105: =L111-L103 -> 462.164 | M105: =M111-M103 -> 114.803 | N105: =N111-N103 -> 118.08 | ... W105: =W111-W103 -> 71.77375 | X105: =R105*(1+X106) -> 88.83525 | Y105: =S105*(1+Y106) -> 84.20685 | Z105: =T105*(1+Z106) -> 101.88675 | AA105: =SUM(W105:Z105) -> 346.7026 | AB105: =Z105 -> 101.88675 | AC105: =AB105 -> 101.88675 | AD105: =AC105 -> 101.88675 | AE105: =AD105 -> 101.88675 | AF105: =SUM(AB105:AE105) -> 407.547 | AG105: =AE105 -> 101.88675 | AH105: =AG105 -> 101.88675 | AI105: =AH105 -> 101.88675 | AJ105: =AI105 -> 101.88675 | AK105: =SUM(AG105:AJ105) -> 407.547 | AL105: =AK105 -> 407.547 | AM105: =AL105 -> 407.547 | AN105: =AM105 -> 407.547
A106: Growth | X106: 0.05 | Y106: 0.05 | Z106: 0.05
A108: Sales by Segment
A109: Commercial OEM | C109: 140.508 | D109: 174.343 | E109: =174.077 -> 174.077 | F109: =659.336-SUM(C109:E109) -> 170.408 | G109: =SUM(C109:F109) -> 659.336 | H109: 158.666 | I109: 144.61 | J109: 63.804 | K109: =434.306-SUM(H109:J109) -> 67.226 | L109: =SUM(H109:K109) -> 434.306 | M109: 76.081 | N109: 101.907 | O109: 96.29 | P109: =386.543-SUM(M109:O109) -> 112.265 | Q109: =SUM(M109:P109) -> 386.543 | R109: 104.826 | S109: 122.889 | T109: 131.968 | U109: =499.438-SUM(R109:T109) -> 139.755 | V109: =SUM(R109:U109) -> 499.438 | W109: =(R109*1.23)+3.2/4 -> 129.73598 | X109: =X88+X90 -> 158.09281 | Y109: =Y88+Y90 -> 160.53781 | Z109: =Z88+Z90 -> 159.86781 | AA109: =SUM(W109:Z109) -> 608.23442 | AB109: =AB88+AB90 -> 171.95797 | AC109: =AC88+AC90 -> 178.66597 | AD109: =AD88+AD90 -> 184.47397 | AE109: =AE88+AE90 -> 187.17397 | AF109: =SUM(AB109:AE109) -> 722.27188 | AG109: =AG88+AG90 -> 198.39428 | AH109: =AH88+AH90 -> 199.66928 | AI109: =AI88+AI90 -> 204.97928 | AJ109: =AJ88+AJ90 -> 209.10428 | AK109: =SUM(AG109:AJ109) -> 812.14712 | AL109: =AK109 -> 812.14712 | AM109: =AL109 -> 812.14712 | AN109: =AM109 -> 812.14712
A110: Commercial Aftermarket | C110: 111.348 | D110: 139.708 | E110: =124.863 -> 124.863 | F110: =497.795-SUM(C110:E110) -> 121.876 | G110: =SUM(C110:F110) -> 497.795 | H110: 125.928 | I110: 134.042 | J110: 68.332 | K110: =399.843-SUM(H110:J110) -> 71.541 | L110: =SUM(H110:K110) -> 399.843 | M110: 65.515 | N110: 77.579 | O110: 75.508 | P110: =306.547-SUM(M110:O110) -> 87.945 | Q110: =SUM(M110:P110) -> 306.547 | R110: 86.086 | S110: 108.554 | T110: 108.695 | U110: =420.881-SUM(R110:T110) -> 117.546 | V110: =SUM(R110:U110) -> 420.881 | W110: =(R110*1.47)+3.2/4 -> 127.34642 | X110: =R110*(1+X124) -> 111.9118 | Y110: =S110*(1+Y124) -> 141.1202 | Z110: =T110*(1+Z124) -> 141.3035 | AA110: =SUM(W110:Z110) -> 521.68192 | AB110: =W110*(1+AB124) -> 140.08106 | AC110: =X110*(1+AC124) -> 123.10298 | AD110: =Y110*(1+AD124) -> 155.23222 | AE110: =Z110*(1+AE124) -> 155.43385 | AF110: =SUM(AB110:AE110) -> 573.85011 | AG110: =AB110*(1+AG124) -> 161.09322 | AH110: =AC110*(1+AH124) -> 141.56843 | AI110: =AD110*(1+AI124) -> 178.51705 | AJ110: =AE110*(1+AJ124) -> 178.74893 | AK110: =SUM(AG110:AJ110) -> 659.92763 | AL110: =AK110*(1+AL124) -> 725.92039 | AM110: =AL110*(1+AM124) -> 798.51243 | AN110: =AM110*(1+AN124) -> 878.36367
A111: Defense OEM | C111: 101.836 | D111: 123.006 | E111: 147.696 | F111: =529.94-SUM(C111:E111) -> 157.402 | G111: =SUM(C111:F111) -> 529.94 | H111: 140.926 | I111: 139.901 | J111: 111.667 | K111: =526.264-SUM(H111:J111) -> 133.77 | L111: =SUM(H111:K111) -> 526.264 | M111: 131.263 | N111: 135.63 | O111: 117.204 | P111: =509.815-SUM(M111:O111) -> 125.718 | Q111: =SUM(M111:P111) -> 509.815 | R111: 105.375 | S111: 97.812 | T111: 115.205 | U111: =422.016-SUM(R111:T111) -> 103.624 | V111: =SUM(R111:U111) -> 422.016 | W111: =R111*(1+-15%)+3.2/4 -> 90.36875 | X111: =X103+X105 -> 108.10525 | Y111: =Y103+Y105 -> 103.47685 | Z111: =Z103+Z105 -> 121.15675 | AA111: =SUM(W111:Z111) -> 423.1076 | AB111: =AB103+AB105 -> 121.15675 | AC111: =AC103+AC105 -> 121.15675 | AD111: =AD103+AD105 -> 121.15675 | AE111: =AE103+AE105 -> 121.15675 | AF111: =SUM(AB111:AE111) -> 484.627 | AG111: =AG103+AG105 -> 121.15675 | AH111: =AH103+AH105 -> 121.60675 | AI111: =AI103+AI105 -> 121.60675 | AJ111: =AJ103+AJ105 -> 121.60675 | AK111: =SUM(AG111:AJ111) -> 485.977 | AL111: =AK111 -> 485.977 | AM111: =AL111 -> 485.977 | AN111: =AM111 -> 485.977
A112: Defense Aftermarket | C112: 39.195 | D112: 45.897 | E112: 52.139 | F112: =193.449-SUM(C112:E112) -> 56.218 | G112: =SUM(C112:F112) -> 193.449 | H112: 48.405 | I112: 55.683 | J112: 62.691 | K112: =230.55-SUM(H112:J112) -> 63.771 | L112: =SUM(H112:K112) -> 230.55 | M112: 48.808 | N112: 49.59 | O112: 51.91 | P112: =201.212-SUM(M112:O112) -> 50.904 | Q112: =SUM(M112:P112) -> 201.212 | R112: 40.148 | S112: 43.502 | T112: 45.844 | U112: =176.987-SUM(R112:T112) -> 47.493 | V112: =SUM(R112:U112) -> 176.987 | W112: =U112+3.2/4 -> 48.293 | X112: =R112*(1+X126) -> 50.185 | Y112: =S112*(1+Y126) -> 54.3775 | Z112: =T112*(1+Z126) -> 57.305 | AA112: =SUM(W112:Z112) -> 210.1605 | AB112: =W112*(1+AB126) -> 50.70765 | AC112: =X112*(1+AC126) -> 52.69425 | AD112: =Y112*(1+AD126) -> 57.096375 | AE112: =Z112*(1+AE126) -> 60.17025 | AF112: =SUM(AB112:AE112) -> 220.66853 | AG112: =AE112 -> 60.17025 | AH112: =AG112 -> 60.17025 | AI112: =AH112 -> 60.17025 | AJ112: =AI112 -> 60.17025 | AK112: =SUM(AG112:AJ112) -> 240.681 | AL112: =AK112*(1+AL126) -> 264.7491 | AM112: =AL112*(1+AM126) -> 291.22401 | AN112: =AM112*(1+AN126) -> 320.34641
A113: Total Aerospace | C113: =SUM(C109:C112) -> 392.887 | D113: =SUM(D109:D112) -> 482.954 | E113: =SUM(E109:E112) -> 498.775 | F113: =SUM(F109:F112) -> 505.904 | G113: =SUM(G109:G112) -> 1880.52 | H113: =SUM(H109:H112) -> 473.925 | I113: =SUM(I109:I112) -> 474.236 | J113: =SUM(J109:J112) -> 306.494 | ... V113: =SUM(V109:V112) -> 1519.322 | W113: 395.685 | X113: =SUM(X109:X112) -> 428.29486 | Y113: =SUM(Y109:Y112) -> 459.51236 | Z113: =SUM(Z109:Z112) -> 479.63306 | AA113: =SUM(AA109:AA112) -> 1763.1844 | AB113: =SUM(AB109:AB112) -> 483.90343 | AC113: =SUM(AC109:AC112) -> 475.61995 | AD113: =SUM(AD109:AD112) -> 517.95931 | AE113: =SUM(AE109:AE112) -> 523.93482 | ... AN113: =SUM(AN109:AN112) -> 2496.8342
A115: Reciprocating Engines | C115: 196.13 | D115: 209.257 | E115: 185.523 | F115: =751.136-SUM(C115:E115) -> 160.226 | G115: =SUM(C115:F115) -> 751.136 | H115: 174.653 | I115: 163.555 | J115: 158.804 | K115: =632.555-SUM(H115:J115) -> 135.543 | L115: =SUM(H115:K115) -> 632.555 | M115: 164.922 | N115: 163.034 | O115: 166.143 | P115: =639.946-SUM(M115:O115) -> 145.847 | Q115: =SUM(M115:P115) -> 639.946 | R115: 158.334 | S115: 156.663 | T115: 154.09 | U115: =636.866-SUM(R115:T115) -> 167.779 | V115: =SUM(R115:U115) -> 636.866 | W115: =(U115/$U$118)*$W$118 -> 161.49059 | X115: =W115 -> 161.49059 | Y115: =X115 -> 161.49059 | Z115: =Y115 -> 161.49059 | AA115: =SUM(W115:Z115) -> 645.96237 | AB115: =Z115 -> 161.49059 | AC115: =AB115 -> 161.49059 | AD115: =AC115 -> 161.49059 | AE115: =AD115 -> 161.49059 | AF115: =SUM(AB115:AE115) -> 645.96237 | AG115: =AE115 -> 161.49059 | AH115: =AG115 -> 161.49059 | AI115: =AH115 -> 161.49059 | AJ115: =AI115 -> 161.49059 | AK115: =SUM(AG115:AJ115) -> 645.96237 | AL115: =AK115 -> 645.96237 | AM115: =AL115 -> 645.96237 | AN115: =AM115 -> 645.96237
A116: Industrial Turbines | C116: 49.512 | D116: 52.187 | E116: 53.74 | F116: =210.064-SUM(C116:E116) -> 54.625 | G116: =SUM(C116:F116) -> 210.064 | H116: 51.5 | I116: 59.678 | J116: 53.486 | K116: =222.366-SUM(H116:J116) -> 57.702 | L116: =SUM(H116:K116) -> 222.366 | M116: 51.03 | N116: 53.581 | O116: 49.62 | P116: =201.769-SUM(M116:O116) -> 47.538 | Q116: =SUM(M116:P116) -> 201.769 | R116: 46.817 | S116: 57.419 | T116: 58.53 | U116: =226.602-SUM(R116:T116) -> 63.836 | V116: =SUM(R116:U116) -> 226.602 | W116: =(U116/$U$118)*$W$118 -> 61.443407 | X116: =W116 -> 61.443407 | Y116: =X116 -> 61.443407 | Z116: =Y116 -> 61.443407 | AA116: =SUM(W116:Z116) -> 245.77363 | AB116: =Z116 -> 61.443407 | AC116: =AB116 -> 61.443407 | AD116: =AC116 -> 61.443407 | AE116: =AD116 -> 61.443407 | AF116: =SUM(AB116:AE116) -> 245.77363 | AG116: =AE116 -> 61.443407 | AH116: =AG116 -> 61.443407 | AI116: =AH116 -> 61.443407 | AJ116: =AI116 -> 61.443407 | AK116: =SUM(AG116:AJ116) -> 245.77363 | AL116: =AK116 -> 245.77363 | AM116: =AL116 -> 245.77363 | AN116: =AM116 -> 245.77363
A117: Renewables | C117: 14.282 | D117: 14.446 | E117: 13.967 | F117: =58.477-SUM(C117:E117) -> 15.782 | G117: =SUM(C117:F117) -> 58.477 | H117: 20.277 | I117: 22.751 | J117: 5.042 | K117: =49.781-SUM(H117:J117) -> 1.711 | L117: =SUM(H117:K117) -> 49.781 | Q117: =SUM(M117:P117) -> 0 | V117: =SUM(R117:U117) -> 0 | AF117: =SUM(AB117:AE117) -> 0 | AK117: =SUM(AG117:AJ117) -> 0 | AL117: =AK117 -> 0 | AM117: =AL117 -> 0 | AN117: =AM117 -> 0
A118: Total Industrial | C118: =SUM(C115:C117) -> 259.924 | D118: =SUM(D115:D117) -> 275.89 | E118: =SUM(E115:E117) -> 253.23 | F118: =SUM(F115:F117) -> 230.633 | G118: =SUM(G115:G117) -> 1019.677 | H118: =SUM(H115:H117) -> 246.43 | I118: =SUM(I115:I117) -> 245.984 | J118: =SUM(J115:J117) -> 217.332 | ... V118: =SUM(V115:V117) -> 863.468 | W118: 222.934 | X118: =SUM(X115:X117) -> 222.934 | Y118: =SUM(Y115:Y117) -> 222.934 | Z118: =SUM(Z115:Z117) -> 222.934 | AA118: =SUM(AA115:AA117) -> 891.736 | AB118: =SUM(AB115:AB117) -> 222.934 | AC118: =SUM(AC115:AC117) -> 222.934 | AD118: =SUM(AD115:AD117) -> 222.934 | AE118: =SUM(AE115:AE117) -> 222.934 | ... AN118: =SUM(AN115:AN117) -> 891.736
A120: Total Sales | C120: =SUM(C113,C118) -> 652.811 | D120: =SUM(D113,D118) -> 758.844 | E120: =SUM(E113,E118) -> 752.005 | F120: =SUM(F113,F118) -> 736.537 | G120: =SUM(G113,G118) -> 2900.197 | H120: =SUM(H113,H118) -> 720.355 | I120: =SUM(I113,I118) -> 720.22 | J120: =SUM(J113,J118) -> 523.826 | ... AN120: =SUM(AN113,AN118) -> 3388.5702
...

Sheet Valuation
B2: Assumptions
B4: Value Date | C4: 44926
B5: Stub period | C5: =YEARFRAC(C4,C6,0) -> 0.75
B6: End | C6: 45199
B7: Tax Rate | C7: 0.21
B8: WACC | C8: 0.09
B9: PGR | C9: 0.035
B12: Discounted Cash Flow Analysis
C14: 2022 | D14: =C14+1 -> 2023 | E14: =D14+1 -> 2024 | F14: =E14+1 -> 2025 | G14: =F14+1 -> 2026 | H14: =G14+1 -> 2027 | I14: Terminal Year
B16: Revenue | C16: =Model!V120 -> 2382.79 | D16: =Model!AA120 -> 2654.9204 | E16: =Model!AF120 -> 2893.1535 | F16: =Model!AK120 -> 3090.4688 | G16: =Model!AL120 -> 3180.5296 | H16: =Model!AM120 -> 3279.5966 | I16: =H16 -> 3279.5966
B17: % Growth | D17: =D16/C16-1 -> 0.11420664 | E17: =E16/D16-1 -> 0.089732661 | F17: =F16/E16-1 -> 0.068200751 | G17: =G16/F16-1 -> 0.02914149 | H17: =H16/G16-1 -> 0.031147941
B19: EBIT | C19: =Model!V141 -> 232.629 | D19: =Model!AA141 -> 242.89665 | E19: =Model!AF141 -> 356.0548 | F19: =Model!AK141 -> 390.13447 | G19: =Model!AL141 -> 403.49027 | H19: =Model!AM141 -> 418.18165 | I19: =H19 -> 418.18165
B20: % Margin | C20: =C19/C$16 -> 0.09762883 | D20: =D19/D$16 -> 0.091489238 | E20: =E19/E$16 -> 0.12306806 | F20: =F19/F$16 -> 0.12623796 | G20: =G19/G$16 -> 0.1268626 | H20: =H19/H$16 -> 0.12751009 | I20: =I19/I$16 -> 0.12751009
B22: Plus: D&A | C22: =Model!V233 -> 120.628 | D22: =Model!AA233 -> 124.60014 | E22: =Model!AF233 -> 135.39958 | F22: =Model!AK233 -> 144.63394 | G22: =Model!AL233 -> 148.84879 | H22: =Model!AM233 -> 153.48512 | I22: =H22 -> 153.48512
B23: Less: Cash Taxes | C23: =C22*-$C$7 -> -25.33188 | D23: =D22*-$C$7 -> -26.166029 | E23: =E22*-$C$7 -> -28.433913 | F23: =F22*-$C$7 -> -30.373127 | G23: =G22*-$C$7 -> -31.258245 | H23: =H22*-$C$7 -> -32.231875 | I23: =H23 -> -32.231875
B24: Less: CapEx | C24: =Model!V254 -> -52.868 | D24: =Model!AA254 -> -103.80345 | E24: =Model!AF254 -> -112.83299 | F24: =Model!AK254 -> -120.52828 | G24: =Model!AL254 -> -124.04066 | H24: =Model!AM254 -> -127.90427 | I24: =H24 -> -127.90427
B25: Less: Change in NWC | C25: =(Model!Q177-Model!V177)+(Model!Q178-Model!V178)+(Model!Q180-Model!V180)+(Model!V193-Model!Q193)+(Model!V195-Model!Q195) -> -112.002 | D25: =(Model!V177-Model!AA177)+(Model!V178-Model!AA178)+(Model!V180-Model!AA180)+(Model!AA193-Model!V193)+(Model!AA195-Model!V195) -> -163.99062 | E25: =(Model!AA177-Model!AF177)+(Model!AA178-Model!AF178)+(Model!AA180-Model!AF180)+(Model!AF193-Model!AA193)+(Model!AF195-Model!AA195) -> -58.399251 | F25: =(Model!AF177-Model!AK177)+(Model!AF178-Model!AK178)+(Model!AF180-Model!AK180)+(Model!AK193-Model!AF193)+(Model!AK195-Model!AF195) -> -60.23636 | G25: =(Model!AK177-Model!AL177)+(Model!AK178-Model!AL178)+(Model!AK180-Model!AL180)+(Model!AL193-Model!AK193)+(Model!AL195-Model!AK195) -> -30.446161 | H25: =(Model!AL177-Model!AM177)+(Model!AL178-Model!AM178)+(Model!AL180-Model!AM180)+(Model!AM193-Model!AL193)+(Model!AM195-Model!AL195) -> -33.490777 | I25: =H25 -> -33.490777
B26: Unlevered Free Cash Flow | C26: =C19+SUM(C22:C25) -> 163.05512 | D26: =D19+SUM(D22:D25) -> 73.536692 | E26: =E19+SUM(E22:E25) -> 291.78823 | F26: =F19+SUM(F22:F25) -> 323.63064 | G26: =G19+SUM(G22:G25) -> 366.594 | H26: =H19+SUM(H22:H25) -> 378.03985 | I26: =I19+SUM(I22:I25) -> 378.03985
B27: Stubbed UFCF | C27: =C26 -> 163.05512 | D27: =D26*C5 -> 55.152519 | E27: =E26 -> 291.78823 | F27: =F26 -> 323.63064 | G27: =G26 -> 366.594 | H27: =H26 -> 378.03985 | I27: =I26 -> 378.03985
B29: Discount Period | D29: =C5/2 -> 0.375 | E29: =D29+1 -> 1.375 | F29: =E29+1 -> 2.375 | G29: =F29+1 -> 3.375 | H29: =G29+1 -> 4.375 | I29: =H29 -> 4.375
B30: Discount Factor | D30: =1/(1+$D$35)^D29 -> 0.96819997 | E30: =1/(1+$D$35)^E29 -> 0.88825685 | F30: =1/(1+$D$35)^F29 -> 0.81491454 | G30: =1/(1+$D$35)^G29 -> 0.74762802 | H30: =1/(1+$D$35)^H29 -> 0.68589727 | I30: =1/(1+$D$35)^I29 -> 0.68589727
B31: PV of Free Cash Flows | D31: =D30*D27 -> 53.398667 | E31: =E30*E27 -> 259.1829 | F31: =F30*F27 -> 263.73132 | G31: =G30*G27 -> 274.07594 | H31: =H30*H27 -> 259.2965
B34: Perpetuity Growth Methodology
B35: Discount Rate | D35: =C8 -> 0.09
B36: Perpetuity Growth Rate | D36: =C9 -> 0.035
B38: Discount Factor for TV | D38: =I30 -> 0.68589727
B39: Free Cash Flow in Terminal Year | D39: =I26 -> 378.03985
B40: Terminal Value | D40: =(D39*(1+D36)/(D35-D36)) -> 7114.0226
B42: Present Value of Projection Period | D42: =SUM(D31:H31) -> 1109.6853
B43: Present Value of Terminal Value | D43: =D40*D38 -> 4879.4887
B44: Implied Enterprise Value | D44: =SUM(D42:D43) -> 5989.174
B46: Less: Net Debt | D46: =TSM!L17+TSM!L19 -> 625.785
B47: Implied Equity Value | D47: =D44-D46 -> 5363.389
B49: FDSO | D49: =TSM!G20 -> 61.390177
B50: Implied DCF Value Per Share | D50: =D47/D49 -> 87.365589
B52: Current Price | D52: =TSM!C6 -> 103.84
B53: Implied Premium / (Discount) to Current | D53: =D50/D52-1 -> -0.15865187
B55: Implied Terminal EBITDA Multiple Calculation
B56: Adjusted Terminal Valuation | D56: =+D40*(1+D35)^(0.5) -> 7427.2577
B57: Terminal Year EBITDA | D57: =I19+I22 -> 571.66677
B58: Implied Terminal EBITDA Multiple | D58: =D56/D57 -> 12.992285
B61: Sensitivity Analysis
B65: Valuation Sensitivities - Near-Term Margin Expansion
B67: Implied Price per Share | L67: Aero Operating Margin Exp
D68: Aero Margin Expansion Q2-Q4 '23 | L68: 100
C69: =D50 -> 87.365589 | D69: =E69-50 -> 0 | E69: =F69-50 -> 50 | F69: 100 | G69: =F69+50 -> 150 | H69: =G69+50 -> 200
B70: Industrial | C70: =C71-100 -> 0 | D70: 54.294093 | E70: 63.680092 | F70: 73.066092 | G70: 82.452091 | H70: 91.83809 | L70: Industrial Operating Margin Exp
B71: Margin Exp | C71: =C72-100 -> 100 | D71: 61.443842 | E71: 70.829841 | F71: 80.21584 | G71: 89.60184 | H71: 98.987839 | L71: 200
B72: Q2-Q4 '23 | C72: 200 | D72: 68.593591 | E72: 77.97959 | F72: 87.365589 | G72: 96.751589 | H72: 106.13759
C73: =C72+100 -> 300 | D73: 75.74334 | E73: 85.129339 | F73: 94.515338 | G73: 103.90134 | H73: 113.28734
C74: =C73+100 -> 400 | D74: 82.893089 | E74: 92.279088 | F74: 101.66509 | G74: 111.05109 | H74: 120.43709
B77: Implied Premium / (Discount) to Current Share Price
D78: Aero Margin Expansion Q2-Q4 '23
D79: =E79-50 -> 0 | E79: =F79-50 -> 50 | F79: 100 | G79: =F79+50 -> 150 | H79: =G79+50 -> 200
B80: Industrial | C80: =C81-100 -> 0 | D80: =D70/$D$52-1 -> -0.47713701 | E80: =E70/$D$52-1 -> -0.38674795 | F80: =F70/$D$52-1 -> -0.2963589 | G80: =G70/$D$52-1 -> -0.20596985 | H80: =H70/$D$52-1 -> -0.1155808
B81: Margin Exp | C81: =C82-100 -> 100 | D81: =D71/$D$52-1 -> -0.40828349 | E81: =E71/$D$52-1 -> -0.31789444 | F81: =F71/$D$52-1 -> -0.22750539 | G81: =G71/$D$52-1 -> -0.13711634 | H81: =H71/$D$52-1 -> -0.046727285
B82: Q2-Q4 '23 | C82: 200 | D82: =D72/$D$52-1 -> -0.33942998 | E82: =E72/$D$52-1 -> -0.24904093 | F82: =F72/$D$52-1 -> -0.15865187 | G82: =G72/$D$52-1 -> -0.068262822 | H82: =H72/$D$52-1 -> 0.022126229
C83: =C82+100 -> 300 | D83: =D73/$D$52-1 -> -0.27057646 | E83: =E73/$D$52-1 -> -0.18018741 | F83: =F73/$D$52-1 -> -0.08979836 | G83: =G73/$D$52-1 -> 0.00059069157 | H83: =H73/$D$52-1 -> 0.090979743
C84: =C83+100 -> 400 | D84: =D74/$D$52-1 -> -0.20172295 | E84: =E74/$D$52-1 -> -0.1113339 | F84: =F74/$D$52-1 -> -0.020944846 | G84: =G74/$D$52-1 -> 0.069444206 | H84: =H74/$D$52-1 -> 0.15983326
B89: Valuation Sensitivities - PGR & WACC
B91: Implied Price per Share
D92: Perpetuity Growth Rate
C93: =D50 -> 87.365589 | D93: =E93-0.25% -> 0.03 | E93: =F93-0.25% -> 0.0325 | F93: 0.035 | G93: =F93+0.25% -> 0.0375 | H93: =G93+0.25% -> 0.04
C94: =C95-0.25% -> 0.085 | D94: 88.819883 | E94: 92.868264 | F94: 97.321482 | G94: 102.24346 | H94: 107.71233
B95: Discount | C95: =C96-0.25% -> 0.0875 | D95: 84.421393 | E95: 88.08914 | F95: 92.106196 | G95: 96.524959 | H95: 101.40885
B96: Rate | C96: 0.09 | D96: 80.390009 | E96: 83.726156 | F96: 87.365589 | G96: 91.351635 | H96: 95.736285
C97: =C96+0.25% -> 0.0925 | D97: 76.681675 | E97: 79.72729 | F97: 83.037742 | G97: 86.649144 | H97: 90.604488
C98: =C97+0.25% -> 0.095 | D98: 73.259111 | E98: 76.048844 | F98: 79.071055 | G98: 82.356067 | H98: 85.939716
B101: Implied Premium / (Discount) to Current Share Price
D102: Perpetuity Growth Rate
D103: =E103-0.25% -> 0.03 | E103: =F103-0.25% -> 0.0325 | F103: 0.035 | G103: =F103+0.25% -> 0.0375 | H103: =G103+0.25% -> 0.04
C104: =C105-0.25% -> 0.085 | D104: =D94/$D$52-1 -> -0.14464674 | E104: =E94/$D$52-1 -> -0.10566002 | F104: =F94/$D$52-1 -> -0.062774631 | G104: =G94/$D$52-1 -> -0.01537499 | H104: =H94/$D$52-1 -> 0.037291277
B105: Discount | C105: =C106-0.25% -> 0.0875 | D105: =D95/$D$52-1 -> -0.18700508 | E105: =E95/$D$52-1 -> -0.15168394 | F105: =F95/$D$52-1 -> -0.11299888 | G105: =G95/$D$52-1 -> -0.070445313 | H105: =H95/$D$52-1 -> -0.023412426
B106: Rate | C106: 0.09 | D106: =D96/$D$52-1 -> -0.22582811 | E106: =E96/$D$52-1 -> -0.19370034 | F106: =F96/$D$52-1 -> -0.15865187 | G106: =G96/$D$52-1 -> -0.12026546 | H106: =H96/$D$52-1 -> -0.078040394
C107: =C106+0.25% -> 0.0925 | D107: =D97/$D$52-1 -> -0.26154011 | E107: =E97/$D$52-1 -> -0.23221022 | F107: =F97/$D$52-1 -> -0.20032991 | G107: =G97/$D$52-1 -> -0.16555139 | H107: =H97/$D$52-1 -> -0.12746063
C108: =C107+0.25% -> 0.095 | D108: =D98/$D$52-1 -> -0.29450009 | E108: =E98/$D$52-1 -> -0.2676344 | F108: =F98/$D$52-1 -> -0.2385299 | G108: =G98/$D$52-1 -> -0.20689458 | H108: =H98/$D$52-1 -> -0.17238332

Sheet TSM
B3: Treasury Stock Method Enterprise Value Build
B5: Ticker | C5: WWD
B6: Price | C6: 103.84
B7: As Of | C7: 44960
B8: Basic Shares | C8: 59.72849
D11: Options | E11: WAEP | F11: In / Out | G11: Proceeds | I11: Market Capitalization
B12: Options | D12: 5.836 | E12: 75.27 | F12: =IF(E12>$C$6,0,1) -> 1 | G12: =F12*E12*D12 -> 439.27572 | I12: ="Current Price (as of "&TEXT(C7,"m/d/yy")&")" -> Current Price (as of 2/3/23) | L12: =C6 -> 103.84
B13: RSUs | D13: 0.056 | F13: =IF(E13>$C$6,0,1) -> 1 | G13: =F13*E13*D13 -> 0 | I13: Target Price Premium | L13: 0
I14: Target Price | L14: =L12*(1+L13) -> 103.84
B15: Total | D15: =SUM(D12:D14) -> 5.892 | G15: =SUM(G12:G14) -> 439.27572 | I15: Fully-Diluted Shares | L15: =G20 -> 61.390177
B16: Total ITM | D16: =SUMPRODUCT(D12:D14,F12:F14) -> 5.892 | I16: Implied Equity Value | L16: =L14*L15 -> 6374.756
I17: Plus: Debt | L17: =649.093+76.027 -> 725.12
B18: Shares Repurchased | G18: =G15/C6 -> 4.2303132
B19: Shares Issues (Dilution) | G19: =D16-G18 -> 1.6616868 | I19: Less: Cash & Cash Equivalents | L19: =-Model!W176 -> -99.335
B20: Fully Diluted Shares Outstanding | G20: =C8+G19 -> 61.390177 | I20: Implied Total Enterprise Value | L20: =SUM(L16:L19) -> 7000.541
I23: Valuation | K23: Metric | L23: Multiple
I24: 2023 FY EBIT | K24: =Model!AA168 -> 242.89665 | L24: =$L$20/K24 -> 28.821069
I25: 2023 FY EBITDA | K25: =Model!AA170 -> 367.49679 | L25: =$L$20/K25 -> 19.049258
I27: 2024 FY EBIT | K27: =Model!AF168 -> 356.0548 | L27: =$L$20/K27 -> 19.661415
I28: 2024 FY EBITDA | K28: =Model!AF170 -> 491.45438 | L28: =$L$20/K28 -> 14.244539

Sheet vs. Consensus
B3: Consensus | F3: Model
B5: FY | C5: Sep'23E | D5: Sep'24E | F5: FY | G5: Sep'23E | H5: Sep'24E
B7: Revenue | C7: 2658.72 | D7: 2866.31 | F7: Revenue | G7: =Model!AA120 -> 2654.9204 | H7: =Model!AF120 -> 2893.1535
B9: EBIT | C9: 278.73 | D9: 343.74 | F9: EBIT | G9: =Model!AA168 -> 242.89665 | H9: =Model!AF168 -> 356.0548
B10: Margin | C10: =C9/C7 -> 0.10483616 | D10: =D9/D7 -> 0.11992422 | F10: Margin | G10: =G9/G7 -> 0.091489238 | H10: =H9/H7 -> 0.12306806
B12: Net Income | C12: 198.08 | D12: 251.72 | F12: Net Income | G12: =Model!AA158 -> 165.72135 | H12: =Model!AF158 -> 253.49015
B13: Margin | C13: =C12/C7 -> 0.074502016 | D13: =D12/D7 -> 0.087820229 | F13: Margin | G13: =G12/G7 -> 0.06242046 | H13: =H12/H7 -> 0.087617247

Sheet WACC Analysis>>

Sheet WACC
B2: WACC Calculation
G5: Prospective Cost of Equity and WACC
G6: Low | H6: High
B7: Prospective US Equity Risk Premium | G7: 0.055 | H7: 0.065
B9: Multiply by: Prospective Levered Equity Beta | G9: ='Beta Determination'!N48 -> 0.99416393 | H9: ='Beta Determination'!O48 -> 1.2054502
B10: Corresponding Prospective Unlevered Equity Beta | G10: ='Beta Determination'!N46 -> 0.8370093 | H10: ='Beta Determination'!O46 -> 1.0148961
B11: Adjusted Prospective US Equity Risk Premium | G11: =G7*G9 -> 0.054679016 | H11: =H7*H9 -> 0.078354265
B12: Add: Risk-Free Rate of Return (Rf) | G12: 0.0377 | H12: =G12 -> 0.0377
B13: Illustrative Prospective Cost of Equity | G13: =SUM(G11:G12) -> 0.092379016 | H13: =SUM(H11:H12) -> 0.11605426
B14: Multiply by: Prospective E/(D+E) | G14: =1-G30 -> 0.80797145 | H14: =1-H30 -> 0.80797145
B15: Cost of Equity Portion | G15: =G13*G14 -> 0.074639607 | H15: =H13*H14 -> 0.093768532 | N15: 22FY
B17: Assumed Cost of Debt (Kd) | G17: =N19 -> 0.046115588 | H17: =G17 -> 0.046115588 | L17: Interest Exp | N17: =Model!V142 -> -32.731
B18: Assumed Tax Rate | G18: ='Beta Determination'!F3 -> 0.21 | H18: =G18 -> 0.21 | L18: Tot. Debt | N18: =Model!V198 -> 709.76
B19: After-Tax Cost of Debt | G19: =G17*(1-G18) -> 0.036431315 | H19: =H17*(1-H18) -> 0.036431315 | L19: Implied Rate | N19: =-N17/N18 -> 0.046115588
B20: Multiply by: Prospective D/(D+E) | G20: =1-G14 -> 0.19202855 | H20: =1-H14 -> 0.19202855
B21: Cost of Debt Portion | G21: =G19*G20 -> 0.0069958526 | H21: =H19*H20 -> 0.0069958526
B23: Prospective WACC Range | G23: =G21+G15 -> 0.08163546 | H23: =H21+H15 -> 0.10076438
B25: Midpoint WACC | G25: =AVERAGE(G23:H23) -> 0.091199922
B26: For DCF | G26: =ROUND(G25,1) -> 0.1
B28: Memo:
B29: D/E | G29: ='Beta Determination'!N47 -> 0.2376675 | H29: ='Beta Determination'!O47 -> 0.2376675
B30: D/(D+E) | G30: =G29/(1+G29) -> 0.19202855 | H30: =H29/(1+H29) -> 0.19202855

Sheet Beta Determination
C3: Woodward Marginal Tax Rate | F3: 0.21
F6: Levered Equity Beta | M6: Unlevered Equity Beta(4)
F7: Bloomberg Historical Adjusted Levered Equity Beta | I7: Market Value of Common Equity | J7: Total Debt + Pref Stock | K7: Leverage Ratios | M7: Bloomberg Historical Adjusted Unlevered Equity Beta
C8: Company | F8: 1 Year | G8: 2 Years | H8: 5 Years | K8: D / E | L8: D / (D + E) | M8: 1 Year | N8: 2 Years | O8: 5 Years | Q8: Marginal Tax Rate
C10: Woodward | F10: 1.061 | G10: 1.012 | H10: 1.343 | I10: =TSM!L16 -> 6374.756 | J10: =TSM!L17 -> 725.12 | K10: =J10/I10 -> 0.11374867 | L10: =J10/(J10+I10) -> 0.10213136 | N10: =G10/(1+($K10*(1-($Q10)))) -> 0.9285584 | O10: =H10/(1+($K10*(1-($Q10)))) -> 1.2322667 | Q10: 0.21
C12: Aerospace Peers
C13: Curtiss-Wright | F13: 0.842 | G13: 0.842 | H13: 1.177 | I13: 6555.13 | J13: =1343.71 -> 1343.71 | K13: =J13/I13 -> 0.20498602 | L13: =J13/(J13+I13) -> 0.17011485 | M13: =F13/(1+($K13*(1-($Q13)))) -> 0.72465081 | N13: =G13/(1+($K13*(1-($Q13)))) -> 0.72465081 | O13: =H13/(1+($K13*(1-($Q13)))) -> 1.012962 | Q13: 0.21
C14: Hexcel | F14: 1.104 | G14: 1.101 | H14: 1.284 | I14: 5966.17 | J14: 797 | K14: =J14/I14 -> 0.13358654 | L14: =J14/(J14+I14) -> 0.11784415 | M14: =F14/(1+($K14*(1-($Q14)))) -> 0.99861301 | N14: =G14/(1+($K14*(1-($Q14)))) -> 0.99589939 | O14: =H14/(1+($K14*(1-($Q14)))) -> 1.1614303 | Q14: 0.21
C15: Moog | F15: 1.004 | G15: 1.028 | H15: 1.286 | I15: 2993.27 | J15: 916.88 | K15: =J15/I15 -> 0.30631383 | L15: =J15/(J15+I15) -> 0.23448717 | M15: =F15/(1+($K15*(1-($Q15)))) -> 0.80838145 | N15: =G15/(1+($K15*(1-($Q15)))) -> 0.82770531 | O15: =H15/(1+($K15*(1-($Q15)))) -> 1.0354368 | Q15: 0.21
C16: Parker-Hannafin | F16: 1.103 | G16: 1.077 | H16: 1.281 | I16: 45916.01 | J16: 14020.19 | K16: =J16/I16 -> 0.30534426 | L16: =J16/(J16+I16) -> 0.23391857 | M16: =F16/(1+($K16*(1-($Q16)))) -> 0.88864041 | N16: =G16/(1+($K16*(1-($Q16)))) -> 0.86769331 | O16: =H16/(1+($K16*(1-($Q16)))) -> 1.0320475 | Q16: 0.21
C17: Transdigm | F17: 1.157 | G17: 1.098 | H17: 1.286 | I17: 40603.22 | J17: 19649 | K17: =J17/I17 -> 0.48392714 | L17: =J17/(J17+I17) -> 0.32611247 | M17: =F17/(1+($K17*(1-($Q17)))) -> 0.8370093 | N17: =G17/(1+($K17*(1-($Q17)))) -> 0.79432689 | O17: =H17/(1+($K17*(1-($Q17)))) -> 0.93033186 | Q17: 0.21
C18: Mean | F18: =AVERAGE(F13:F17) -> 1.042 | G18: =AVERAGE(G13:G17) -> 1.0292 | H18: =AVERAGE(H13:H17) -> 1.2628 | I18: =AVERAGE(I13:I17) -> 20406.76 | J18: =AVERAGE(J13:J17) -> 7345.356 | K18: =AVERAGE(K13:K17) -> 0.28683156 | L18: =AVERAGE(L13:L17) -> 0.21649544 | M18: =AVERAGE(M13:M17) -> 0.851459 | ... O18: =AVERAGE(O13:O17) -> 1.0344417
C19: Median | F19: =MEDIAN(F13:F17) -> 1.103 | G19: =MEDIAN(G13:G17) -> 1.077 | H19: =MEDIAN(H13:H17) -> 1.284 | I19: =MEDIAN(I13:I17) -> 6555.13 | J19: =MEDIAN(J13:J17) -> 1343.71 | K19: =MEDIAN(K13:K17) -> 0.30534426 | L19: =MEDIAN(L13:L17) -> 0.23391857 | M19: =MEDIAN(M13:M17) -> 0.8370093 | ... O19: =MEDIAN(O13:O17) -> 1.0320475
N21: Low | O21: High
C22: Reference Range - Prospective Unlevered Equity Beta | N22: =MIN(M19:O19) -> 0.82770531 | O22: =MAX(M19:O19) -> 1.0320475
C23: Target Debt / Equity Ratio | N23: =K19 -> 0.30534426 | O23: =N23 -> 0.30534426
C24: Refernce Range - Prospective Levered Equity Beta | N24: =N22*(1+(N23*(1-$F$3))) -> 1.027366 | O24: =O22*(1+(O23*(1-$F$3))) -> 1.281
C26: Industrial Peers
C27: Caterpillar | F27: 0.973 | G27: 0.924 | H27: 1.003 | I27: 130610 | J27: 29750 | K27: =J27/I27 -> 0.22777735 | L27: =J27/(J27+I27) -> 0.18552008 | M27: =F27/(1+($K27*(1-($Q27)))) -> 0.82461533 | N27: =G27/(1+($K27*(1-($Q27)))) -> 0.78308794 | O27: =H27/(1+($K27*(1-($Q27)))) -> 0.85004026 | Q27: 0.21
C28: Eaton | F28: 0.916 | G28: 0.946 | H28: 1.097 | I28: 65447 | J28: 9008 | K28: =J28/I28 -> 0.13763809 | L28: =J28/(J28+I28) -> 0.12098583 | M28: =F28/(1+($K28*(1-($Q28)))) -> 0.82616744 | N28: =G28/(1+($K28*(1-($Q28)))) -> 0.85322532 | O28: =H28/(1+($K28*(1-($Q28)))) -> 0.98941668 | Q28: 0.21
C29: Flowserve | F29: 1.125 | G29: 1.088 | H29: 1.235 | I29: 4633.58 | J29: 1258.45 | K29: =J29/I29 -> 0.27159345 | L29: =J29/(J29+I29) -> 0.21358513 | M29: =F29/(1+($K29*(1-($Q29)))) -> 0.92626225 | N29: =G29/(1+($K29*(1-($Q29)))) -> 0.89579852 | O29: =H29/(1+($K29*(1-($Q29)))) -> 1.0168301 | Q29: 0.21
C30: Pentair | F30: 1.124 | G30: 1.076 | H30: 1.204 | I30: 9889.01 | J30: 2448.1 | K30: =J30/I30 -> 0.24755764 | L30: =J30/(J30+I30) -> 0.19843383 | M30: =F30/(1+($K30*(1-($Q30)))) -> 0.94013692 | N30: =G30/(1+($K30*(1-($Q30)))) -> 0.89998872 | O30: =H30/(1+($K30*(1-($Q30)))) -> 1.0070506 | Q30: 0.21
C31: Mean | F31: =AVERAGE(F27:F30) -> 1.0345 | G31: =AVERAGE(G27:G30) -> 1.0085 | H31: =AVERAGE(H27:H30) -> 1.13475 | I31: =AVERAGE(I27:I30) -> 52644.897 | J31: =AVERAGE(J27:J30) -> 10616.137 | K31: =AVERAGE(K27:K30) -> 0.22114163 | L31: =AVERAGE(L27:L30) -> 0.17963122 | M31: =AVERAGE(M27:M30) -> 0.87929548 | ... O31: =AVERAGE(O27:O30) -> 0.96583441
C32: Median | F32: =MEDIAN(F27:F30) -> 1.0485 | G32: =MEDIAN(G27:G30) -> 1.011 | H32: =MEDIAN(H27:H30) -> 1.1505 | I32: =MEDIAN(I27:I30) -> 37668.005 | J32: =MEDIAN(J27:J30) -> 5728.05 | K32: =MEDIAN(K27:K30) -> 0.2376675 | L32: =MEDIAN(L27:L30) -> 0.19197696 | M32: =MEDIAN(M27:M30) -> 0.87621485 | ... O32: =MEDIAN(O27:O30) -> 0.99823363
N34: Low | O34: High
C35: Reference Range - Prospective Unlevered Equity Beta | N35: =MIN(M32:O32) -> 0.87451192 | O35: =MAX(M32:O32) -> 0.99823363
C36: Target Debt / Equity Ratio | N36: =K32 -> 0.2376675 | O36: =N36 -> 0.2376675
C37: Refernce Range - Prospective Levered Equity Beta | N37: =N35*(1+(N36*(1-$F$3))) -> 1.0387079 | O37: =O35*(1+(O36*(1-$F$3))) -> 1.1856593
C40: Total Comp Set
C42: Mean | F42: =AVERAGE(F10,F13,F14,F15,F16,F17,F27,F28,F29,F30) -> 1.0409 | G42: =AVERAGE(G10,G13,G14,G15,G16,G17,G27,G28,G29,G30) -> 1.0192 | H42: =AVERAGE(H10,H13,H14,H15,H16,H17,H27,H28,H29,H30) -> 1.2196 | I42: =AVERAGE(I10,I13,I14,I15,I16,I17,I27,I28,I29,I30) -> 31898.815 | J42: =AVERAGE(J10,J13,J14,J15,J16,J17,J27,J28,J29,J30) -> 7991.645 | K42: =AVERAGE(K10,K13,K14,K15,K16,K17,K27,K28,K29,K30) -> 0.2432473 | L42: =AVERAGE(L10,L13,L14,L15,L16,L17,L27,L28,L29,L30) -> 0.19031334 | M42: =AVERAGE(M10,M13,M14,M15,M16,M17,M27,M28,M29,M30) -> 0.86383077 | ... O42: =AVERAGE(O10,O13,O14,O15,O16,O17,O27,O28,O29,O30) -> 1.0267813
C43: Median | F43: =MEDIAN(F10,F13,F14,F15,F16,F17,F27,F28,F29,F30) -> 1.082 | G43: =MEDIAN(G10,G13,G14,G15,G16,G17,G27,G28,G29,G30) -> 1.052 | H43: =MEDIAN(H10,H13,H14,H15,H16,H17,H27,H28,H29,H30) -> 1.258 | I43: =MEDIAN(I10,I13,I14,I15,I16,I17,I27,I28,I29,I30) -> 8222.07 | J43: =MEDIAN(J10,J13,J14,J15,J16,J17,J27,J28,J29,J30) -> 1895.905 | K43: =MEDIAN(K10,K13,K14,K15,K16,K17,K27,K28,K29,K30) -> 0.2376675 | L43: =MEDIAN(L10,L13,L14,L15,L16,L17,L27,L28,L29,L30) -> 0.19197696 | M43: =MEDIAN(M10,M13,M14,M15,M16,M17,M27,M28,M29,M30) -> 0.8370093 | ... O43: =MEDIAN(O10,O13,O14,O15,O16,O17,O27,O28,O29,O30) -> 1.0148961
N45: Low | O45: High
C46: Reference Range - Prospective Unlevered Equity Beta | N46: =MIN(M43:O43) -> 0.8370093 | O46: =MAX(M43:O43) -> 1.0148961
C47: Target Debt / Equity Ratio | N47: =K43 -> 0.2376675 | O47: =N47 -> 0.2376675
C48: Refernce Range - Prospective Levered Equity Beta | N48: =N46*(1+(N47*(1-$F$3))) -> 0.99416393 | O48: =O46*(1+(O47*(1-$F$3))) -> 1.2054502

Sheet Catalyst Calendar
B3: Month | C3: Day | D3: Event | E3: Potential Catalyst
B4: February | C4: ~6-28 | D4: Potential Air India announcement for 500 unit order from Boeing & Airbus (rumored for Jan 27th) | E4: Potential upside catalyst to stock
B5: February | C5: 6 | D5: Cummins Q4 2022 Earnings Call (10am ET) | E5: Power systems guidance / trend information - potential margin expansion may signal near-term guidance for WWD on industrial segment
B6: February | C6: 16 | D6: Cowen Aerospace / Defense & Industrials Conference | E6: Potential investor news from attendees (Tier 1s and OEMs)
B7: February | C7: 22 | D7: Barclays Industrials Conference | E7: Potential investor news from attendees (Tier 1s and OEMs ie. Hexcel, Boeing in attendance)
B8: February | C8: 22 | D8: Curtiss-Wright Fourth Quarter and Full Year 2022 Earnings Presentation (9am) | E8: Competitive information (supply chain progression and other guidance)
B9: February | C9: 23 | D9: Rolls-Royce 2022 Full Year Results Print | E9: Key customer - guidance and general trend information impacting WWD
B10: February | C10: 23 | D10: Citi 2023 Global Industrial Tech and Mobility Conference | E10: Potential investor news from attendees (Tier 1s and OEMs ie. Curtiss-Wright to participate)
B11: February | C11: 23 | D11: Wartsila London Roadshow | E11: Key customer - guidance and general trend information impacting WWD
B12: February | C12: 27 | D12: Wartsila CEO Call | E12: Key customer - guidance and general trend information impacting WWD
B13: February | C13: 28-3/5 | D13: Avalon 2023 Australian International Airshow & A&D Exposition | E13: Potential announcements from customers on order or other competitive information
B14: March | C14: 1 | D14: Alembic Global Advisors Conference | E14: Potential investor news from attendees (Tier 1s and OEMs ie. Hexcel, Boeing in attendance)
... B23: June | C23: 19 | D23: Paris Air Show | E23: Premier aviation event and typically can expect order announcements and other key information dissemination

Sheet Other Information>>

Sheet Air India Scenario
B2: Air India Rumored order | E2: United Order
B4: Aircraft | C4: Units | E4: Aircraft | F4: Units
B5: A320neo | C5: 235 | E5: A320neo
B6: A350 | C6: 40 | E6: A350
B7: 737 MAX | C7: 190 | E7: 737 MAX
B8: 787 | C8: 20 | E8: 787 | F8: 100
B9: 777X | C9: 10 | E9: 777X
B11: $/SS - WWD ($millions) | E11: $/SS - WWD ($millions)
B12: A320neo | C12: =Model!B68 -> 0.23 | E12: A320neo | F12: =C12 -> 0.23
B13: A350 | C13: =Model!B70 -> 0.046 | E13: A350 | F13: =C13 -> 0.046
B14: 737 MAX | C14: =Model!B59 -> 0.275 | E14: 737 MAX | F14: =C14 -> 0.275
B15: 787 | C15: =Model!B64 -> 0.21 | E15: 787 | F15: =C15 -> 0.21
B16: 777X | C16: =Model!B63 -> 0.43 | E16: 777X | F16: =C16 -> 0.43
B18: Value | E18: Value
B19: A320neo | C19: =C12*C5 -> 54.05 | E19: A320neo | F19: =F12*F5 -> 0
B20: A350 | C20: =C13*C6 -> 1.84 | E20: A350 | F20: =F13*F6 -> 0
B21: 737 MAX | C21: =C14*C7 -> 52.25 | E21: 737 MAX | F21: =F14*F7 -> 0
B22: 787 | C22: =C15*C8 -> 4.2 | E22: 787 | F22: =F15*F8 -> 21
B23: 777X | C23: =C16*C9 -> 4.3 | E23: 777X | F23: =F16*F9 -> 0
B24: Total | C24: =SUM(C19:C23) -> 116.64 | E24: Total | F24: =SUM(F19:F23) -> 21 | H24: =C24/F24 -> 5.5542857
L30: Stock Price - United Boeing 787 Order
M31: December 9th, 2022 (Unaffected) | N31: December 13th, 2022 | O31: % Change (Reaction)
L32: Boeing | M32: 179.54 | N32: 187.13 | O32: =N32/M32-1 -> 0.042274702
L33: Woodward | M33: 92.92 | N33: 95.92 | O33: =N33/M33-1 -> 0.032285837
L34: Average | O34: =AVERAGE(O32:O33) -> 0.03728027
L36: Implied WWD Ship Set Value - Un-discounted @ Current $ / SS
L37: United 787 Order | O37: =F24 -> 21
L38: Air India Rumored Order | O38: =C24 -> 116.64
L39: Implied Value Multiple | O39: =O38/O37 -> 5.5542857
L41: Conservative Discount to Implied Reaction Multiple | O41: -0.5
L43: Implied Potential Stock Reaction @ Discounted Implied Reaction Multiple | O43: =O39*(1+O41)*O33 -> 0.089662382

Sheet Historical deliveries - Airbus
A2: 2021 Annual Deliveries Summary | B2: A220 | C2: A320Family | D2: A330 | E2: A340 | F2: A350 | G2: A380 | H2: Total
B3: 50 | C3: 483 | D3: 18 | F3: 53 | G3: 5 | H3: =SUM(B3:G3) -> 609
A5: 2020 Annual Deliveries Summary | B5: A220 | C5: A320Family | D5: A330 | E5: A340 | F5: A350 | G5: A380 | H5: Total
B6: 38 | C6: 446 | D6: 19 | F6: 59 | G6: 4 | H6: =SUM(B6:G6) -> 566
A8: 2019 Annual Deliveries Summary | B8: A220 | C8: A320Family | D8: A330 | E8: A340 | F8: A350 | G8: A380 | H8: Total
B9: 48 | C9: 642 | D9: 53 | F9: 112 | G9: 8 | H9: =SUM(B9:G9) -> 863
A11: 2018 Annual Deliveries Summary | B11: A220 | C11: A320Family | D11: A330 | E11: A340 | F11: A350 | G11: A380 | H11: Total
B12: 20 | C12: 626 | D12: 49 | F12: 93 | G12: 12 | H12: =SUM(B12:G12) -> 800
A14: 2017 Annual Deliveries Summary | C14: A320Family | D14: A330 | E14: A340 | F14: A350 | G14: A380 | H14: Total
C15: 558 | D15: 67 | F15: 78 | G15: 15 | H15: =SUM(B15:G15) -> 718
A17: 2016 Annual Deliveries Summary | C17: A320Family | D17: A330 | E17: A340 | F17: A350 | G17: A380 | H17: Total
C18: 545 | D18: 66 | F18: 49 | G18: 28 | H18: =SUM(B18:G18) -> 688
A20: 2015 Annual Deliveries Summary | C20: A320Family | D20: A330 | E20: A340 | F20: A350 | G20: A380 | H20: Total
C21: 491 | D21: 103 | F21: 14 | G21: 27 | H21: =SUM(B21:G21) -> 635
A23: 2014 Annual Deliveries Summary | C23: A320Family | D23: A330 | E23: A340 | F23: A350 | G23: A380 | H23: Total
C24: 490 | D24: 108 | F24: 1 | G24: 30 | H24: =SUM(B24:G24) -> 629
A26: 2013 Annual Deliveries Summary | C26: A320Family | D26: A330 | E26: A340 | F26: A350 | G26: A380 | H26: Total
C27: 493 | D27: 108 | G27: 25 | H27: =SUM(B27:G27) -> 626
A29: 2012 Annual Deliveries Summary | C29: A320Family | D29: A330 | E29: A340 | F29: A350 | G29: A380 | H29: Total
C30: 455 | D30: 101 | E30: 2 | G30: 30 | H30: =SUM(B30:G30) -> 588
A32: 2011 Annual Deliveries Summary | C32: A320Family | D32: A330 | E32: A340 | F32: A350 | G32: A380 | H32: Total
C33: 421 | D33: 85 | E33: 2 | G33: 26 | H33: =SUM(B33:G33) -> 534
A35: 2010 Annual Deliveries Summary | C35: A320Family | D35: A330 | E35: A340 | F35: A350 | G35: A380 | H35: Total
C36: 401 | D36: 87 | E36: 4 | G36: 18 | H36: =SUM(B36:G36) -> 510
A38: 2009 Annual Deliveries Summary | C38: A320Family | D38: A330 | E38: A340 | F38: A350 | G38: A380 | H38: Total
C39: 402 | D39: 78 | E39: 8 | G39: 10 | H39: =SUM(B39:G39) -> 498
A41: 2008 Annual Deliveries Summary | C41: A320Family | D41: A330 | E41: A340 | F41: A350 | G41: A380 | H41: Total
C42: 386 | D42: 72 | E42: 13 | G42: 12 | H42: =SUM(B42:G42) -> 483
A44: 2007 Annual Deliveries Summary | B44: A310/A300-600 | C44: A320Family | D44: A330 | E44: A340 | F44: A350 | G44: A380 | H44: Total
B45: 6 | C45: 367 | D45: 68 | E45: 11 | G45: 1 | H45: =SUM(B45:G45) -> 453
A47: 2006 Annual Deliveries Summary | B47: A310/A300-600 | C47: A320Family | D47: A330 | E47: A340 | F47: A350 | G47: A380 | H47: Total
B48: 9 | C48: 339 | D48: 62 | E48: 24 | H48: =SUM(B48:G48) -> 434

Sheet Airbus Deliveries 2022
C2: January | D2: February | E2: March | F2: April | G2: May | H2: June | I2: July | J2: August | K2: September | L2: October | M2: November | N2: December
B3: A220-100 | C3: 2 | D3: 1 | E3: 2 | L3: 1
B4: A220-300 | D4: 3 | E4: 3 | F4: 4 | G4: 4 | H4: 6 | I4: 5 | K4: 4 | L4: 4 | M4: 6 | N4: 8
B5: A319neo | D5: 2 | H5: 1 | I5: 1 | J5: 1 | K5: 1
B6: A320neo | C6: 13 | D6: 14 | E6: 22 | F6: 20 | G6: 19 | H6: 21 | I6: 14 | J6: 19 | K6: 23 | L6: 21 | M6: 28 | N6: 32
B7: A321neo | C7: 11 | D7: 20 | E7: 27 | F7: 17 | G7: 18 | H7: 25 | I7: 20 | J7: 13 | K7: 18 | L7: 26 | M7: 25 | N7: 44
B8: A330-200 | D8: 1 | E8: 1 | H8: 1 | M8: 1 | N8: 1
B9: A330-300 | F9: 1 | H9: 1 | I9: 1 | L9: 1
B10: A330-800 | K10: 2 | M10: 1
B11: A330-900 | D11: 2 | E11: 2 | F11: 1 | G11: 3 | J11: 2 | K11: 3 | L11: 2 | M11: 2 | N11: 3
B12: A350-900 | C12: 4 | D12: 5 | E12: 4 | F12: 3 | G12: 3 | H12: 5 | I12: 5 | J12: 3 | K12: 3 | L12: 4 | M12: 5 | N12: 8
B13: A350-1000 | D13: 1 | E13: 2 | F13: 2 | J13: 1 | K13: 1 | L13: 1 | N13: 2
B14: Total | C14: =SUM(C3:C13) -> 30 | D14: =SUM(D3:D13) -> 49 | E14: =SUM(E3:E13) -> 63 | F14: =SUM(F3:F13) -> 48 | G14: =SUM(G3:G13) -> 47 | H14: =SUM(H3:H13) -> 60 | I14: =SUM(I3:I13) -> 46 | J14: =SUM(J3:J13) -> 39 | ... N14: =SUM(N3:N13) -> 98
B17: A320neo | C17: =SUM(C5:C7) -> 24 | D17: =SUM(D5:D7) -> 36 | E17: =SUM(E5:E7) -> 49 | F17: =SUM(F5:F7) -> 37 | G17: =SUM(G5:G7) -> 37 | H17: =SUM(H5:H7) -> 47 | I17: =SUM(I5:I7) -> 35 | J17: =SUM(J5:J7) -> 33 | ... N17: =SUM(N5:N7) -> 76
B18: A220 | C18: =SUM(C3:C4) -> 2 | D18: =SUM(D3:D4) -> 4 | E18: =SUM(E3:E4) -> 5 | F18: =SUM(F3:F4) -> 4 | G18: =SUM(G3:G4) -> 4 | H18: =SUM(H3:H4) -> 6 | I18: =SUM(I3:I4) -> 5 | J18: =SUM(J3:J4) -> 0 | ... N18: =SUM(N3:N4) -> 8
B19: A350 | C19: =SUM(C12:C13) -> 4 | D19: =SUM(D12:D13) -> 6 | E19: =SUM(E12:E13) -> 6 | F19: =SUM(F12:F13) -> 5 | G19: =SUM(G12:G13) -> 3 | H19: =SUM(H12:H13) -> 5 | I19: =SUM(I12:I13) -> 5 | J19: =SUM(J12:J13) -> 4 | ... N19: =SUM(N12:N13) -> 10
B20: A330neo | C20: =SUM(C8:C11) -> 0 | D20: =SUM(D8:D11) -> 3 | E20: =SUM(E8:E11) -> 3 | F20: =SUM(F8:F11) -> 2 | G20: =SUM(G8:G11) -> 3 | H20: =SUM(H8:H11) -> 2 | I20: =SUM(I8:I11) -> 1 | J20: =SUM(J8:J11) -> 2 | ... N20: =SUM(N8:N11) -> 4
B21: Total | C21: =SUM(C17:C20) -> 30 | D21: =SUM(D17:D20) -> 49 | E21: =SUM(E17:E20) -> 63 | F21: =SUM(F17:F20) -> 48 | G21: =SUM(G17:G20) -> 47 | H21: =SUM(H17:H20) -> 60 | I21: =SUM(I17:I20) -> 46 | J21: =SUM(J17:J20) -> 39 | ... N21: =SUM(N17:N20) -> 98
B23: Quarterly
B25: A320neo | E25: =SUM(C17:E17) -> 109 | H25: =SUM(F17:H17) -> 121 | K25: =SUM(I17:K17) -> 110 | N25: =SUM(L17:N17) -> 176
B26: A220 | E26: =SUM(C18:E18) -> 11 | H26: =SUM(F18:H18) -> 14 | K26: =SUM(I18:K18) -> 9 | N26: =SUM(L18:N18) -> 19
B27: A350 | E27: =SUM(C19:E19) -> 16 | H27: =SUM(F19:H19) -> 13 | K27: =SUM(I19:K19) -> 13 | N27: =SUM(L19:N19) -> 20
B28: A330neo | E28: =SUM(C20:E20) -> 6 | H28: =SUM(F20:H20) -> 7 | K28: =SUM(I20:K20) -> 8 | N28: =SUM(L20:N20) -> 11
B29: Total | E29: =SUM(E25:E28) -> 142 | H29: =SUM(H25:H28) -> 155 | K29: =SUM(K25:K28) -> 140 | N29: =SUM(N25:N28) -> 226

Sheet Boeing Historical Deliveries
A1: Sum of Delivery Total | B1: Column Labels
B2: 2013 | C2: 2014 | D2: 2015 | E2: 2016 | F2: 2017 | G2: 2018 | S2: 2018 Total | T2: 2019 | AF2: 2019 Total | AG2: 2020 | AS2: 2020 Total | AT2: 2021 | BF2: 2021 Total | BG2: 2022 | BS2: 2022 Total | BT2: Grand Total
A3: Row Labels | G3: Jan | H3: Feb | I3: Mar | J3: Apr | K3: May | L3: Jun | M3: Jul | N3: Aug | O3: Sep | P3: Oct | Q3: Nov | R3: Dec | T3: Jan | U3: Feb | V3: Mar | W3: Apr | X3: May | Y3: Jun | Z3: Jul | AA3: Aug | AB3: Sep | AC3: Oct | AD3: Nov | AE3: Dec | AG3: Jan | AH3: Feb | AI3: Mar | AJ3: Apr | AK3: May | AL3: Jun | AM3: Jul | AN3: Aug | AO3: Sep | AP3: Oct | AQ3: Nov | AR3: Dec | AT3: Jan | AU3: Feb | AV3: Mar | AW3: Apr | AX3: May | AY3: Jun | AZ3: Jul | BA3: Aug | BB3: Sep | BC3: Oct | BD3: Nov | BE3: Dec | BG3: Jan | BH3: Feb | BI3: Mar | BJ3: Apr | BK3: May | BL3: Jun | BM3: Jul | BN3: Aug | BO3: Sep | BP3: Oct | BQ3: Nov | BR3: Dec
A4: 737 MAX | F4: 74 | G4: 9 | H4: 25 | I4: 26 | J4: 5 | K4: 18 | L4: 14 | M4: 34 | N4: 1 | O4: 26 | P4: 7 | Q4: 16 | R4: 75 | S4: 256 | U4: 4 | V4: 7 | W4: 2 | X4: 6 | Y4: 2 | Z4: 10 | AB4: 5 | AC4: 1 | AD4: 2 | AE4: 18 | AF4: 57 | AH4: 10 | AK4: 1 | AL4: 4 | AM4: 5 | AP4: 1 | AQ4: 3 | AR4: 3 | AS4: 27 | AU4: 22 | AV4: 32 | AW4: 7 | AX4: 26 | AY4: 13 | AZ4: 35 | BA4: 3 | BB4: 3 | BC4: 6 | BD4: 47 | BE4: 51 | BF4: 245 | BG4: 5 | BH4: 24 | BI4: 70 | BJ4: 38 | BK4: 31 | BL4: 19 | BM4: 35 | BN4: 25 | BO4: 19 | BP4: 18 | BQ4: 44 | BR4: 46 | BS4: 374 | BT4: 1033
A5: 737-700 | B5: 12 | C5: 11 | D5: 7 | E5: 6 | F5: 4 | Q5: 2 | S5: 2 | BT5: 42
A6: 737-700C | C6: 2 | E6: 3 | AB6: 2 | AF6: 2 | BT6: 7
A7: 737-800 | B7: 347 | C7: 386 | D7: 396 | E7: 411 | F7: 397 | G7: 3 | H7: 20 | I7: 18 | J7: 6 | K7: 20 | L7: 63 | M7: 33 | N7: 4 | O7: 18 | P7: 13 | Q7: 12 | R7: 59 | S7: 269 | U7: 6 | X7: 1 | Z7: 11 | AD7: 3 | AE7: 7 | AF7: 28 | AM7: 2 | AS7: 2 | BT7: 2236
A8: 737-800A | B8: 8 | C8: 13 | D8: 15 | E8: 18 | F8: 17 | G8: 11 | I8: 7 | S8: 18 | T8: 4 | V8: 13 | AF8: 17 | AG8: 10 | AI8: 1 | AK8: 3 | AS8: 14 | AT8: 14 | AV8: 2 | BF8: 16 | BG8: 1 | BI8: 11 | BS8: 12 | BT8: 148
A9: 737-900ER | B9: 67 | C9: 70 | D9: 73 | E9: 52 | F9: 37 | H9: 2 | I9: 5 | N9: 12 | P9: 3 | R9: 12 | S9: 34 | V9: 5 | AA9: 4 | AE9: 13 | AF9: 22 | BT9: 355
A10: 747-8 | B10: 5 | C10: 10 | D10: 11 | E10: 3 | F10: 6 | AU10: 1 | BF10: 1 | BT10: 36
A11: 747-8F | B11: 19 | C11: 9 | D11: 7 | E11: 6 | F11: 8 | P11: 6 | S11: 6 | U11: 1 | AC11: 5 | AD11: 1 | AF11: 7 | AH11: 4 | AK11: 1 | AS11: 5 | AU11: 6 | BF11: 6 | BG11: 3 | BH11: 2 | BS11: 5 | BT11: 78
A12: 767-2C | G12: 7 | N12: 3 | S12: 10 | T12: 7 | AA12: 5 | AB12: 11 | AF12: 23 | AG12: 1 | AN12: 4 | AO12: 6 | AS12: 11 | BA12: 2 | BB12: 9 | BD12: 1 | BE12: 1 | BF12: 13 | BH12: 7 | BN12: 1 | BO12: 7 | BS12: 15 | BT12: 72
A13: 767-300ER | B13: 9 | C13: 1 | BT13: 10
A14: 767-300F | B14: 12 | C14: 5 | D14: 16 | E14: 13 | F14: 10 | I14: 1 | L14: 2 | M14: 7 | N14: 1 | O14: 2 | R14: 4 | S14: 17 | U14: 3 | V14: 1 | Y14: 5 | Z14: 11 | AF14: 20 | AH14: 2 | AI14: 2 | AL14: 8 | AM14: 7 | AS14: 19 | AU14: 3 | AY14: 7 | AZ14: 9 | BF14: 19 | BH14: 1 | BI14: 1 | BK14: 5 | BL14: 3 | BM14: 7 | BO14: 1 | BS14: 18 | BT14: 149
A15: 777-200ER | B15: 4 | BT15: 4
A16: 777-200LR | B16: 1 | C16: 3 | AC16: 1 | AF16: 1 | BA16: 1 | BF16: 1 | BT16: 6
A17: 777-300ER | B17: 79 | C17: 83 | D17: 79 | E17: 88 | F17: 65 | J17: 1 | L17: 4 | M17: 4 | O17: 1 | P17: 13 | Q17: 6 | R17: 3 | S17: 32 | X17: 2 | Z17: 6 | AB17: 2 | AC17: 5 | AD17: 2 | AE17: 2 | AF17: 19 | AQ17: 2 | AR17: 2 | AS17: 4 | AZ17: 2 | BB17: 3 | BD17: 1 | BE17: 1 | BF17: 7 | BR17: 3 | BS17: 3 | BT17: 459
A18: 777F | B18: 14 | C18: 13 | D18: 19 | E18: 11 | F18: 9 | G18: 1 | I18: 1 | J18: 1 | L18: 2 | M18: 3 | O18: 1 | P18: 2 | Q18: 2 | R18: 3 | S18: 16 | U18: 6 | V18: 1 | X18: 2 | Y18: 5 | Z18: 6 | AA18: 1 | AD18: 3 | AE18: 1 | AF18: 25 | AK18: 2 | AL18: 8 | AM18: 5 | AP18: 4 | AQ18: 2 | AR18: 1 | AS18: 22 | AV18: 2 | AX18: 1 | AY18: 7 | AZ18: 3 | BA18: 3 | BF18: 16 | BK18: 6 | BL18: 2 | BM18: 3 | BN18: 5 | BR18: 5 | BS18: 21 | BT18: 166
A19: 787-10 | H19: 3 | L19: 8 | Q19: 4 | S19: 15 | U19: 5 | V19: 2 | Y19: 10 | AB19: 4 | AD19: 6 | AE19: 7 | AF19: 34 | AH19: 1 | AL19: 1 | AO19: 2 | AQ19: 3 | AR19: 5 | AS19: 12 | BH19: 6 | BI19: 1 | BR19: 5 | BS19: 12 | BT19: 73
A20: 787-8 | B20: 65 | C20: 104 | D20: 71 | E20: 35 | F20: 26 | J20: 3 | K20: 1 | M20: 1 | R20: 5 | S20: 10 | V20: 3 | W20: 2 | X20: 1 | Y20: 2 | AE20: 2 | AF20: 10 | AI20: 1 | AJ20: 3 | AK20: 1 | AS20: 5 | AW20: 1 | BE20: 1 | BF20: 2 | BJ20: 9 | BS20: 9 | BT20: 337
A21: 787-9 | C21: 10 | D21: 64 | E21: 102 | F21: 110 | G21: 7 | H21: 12 | I21: 23 | J21: 11 | K21: 7 | L21: 15 | M21: 7 | N21: 1 | O21: 1 | P21: 17 | R21: 19 | S21: 120 | T21: 4 | U21: 4 | V21: 20 | W21: 10 | X21: 8 | Y21: 18 | Z21: 7 | AA21: 2 | AB21: 9 | AC21: 17 | AD21: 4 | AE21: 11 | AF21: 114 | AG21: 2 | AI21: 8 | AK21: 7 | AL21: 3 | AM21: 2 | AO21: 8 | AP21: 2 | AQ21: 1 | AR21: 3 | AS21: 36 | AV21: 1 | AZ21: 1 | BA21: 1 | BB21: 8 | BE21: 1 | BF21: 12 | BI21: 1 | BK21: 3 | BL21: 1 | BN21: 1 | BO21: 1 | BP21: 3 | BS21: 10 | BT21: 578
A22: BBJ | B22: 5 | C22: 1 | D22: 3 | H22: 1 | S22: 1 | W22: 1 | AF22: 1 | BI22: 1 | BS22: 1 | BT22: 12
A23: BBJ2 | B23: 1 | C23: 2 | AV23: 2 | BF23: 2 | BT23: 5
A24: BBJ3 | D24: 1 | BT24: 1
A25: Grand Total | B25: 648 | C25: 723 | D25: 762 | E25: 748 | F25: 763 | G25: 38 | H25: 63 | I25: 81 | J25: 27 | K25: 46 | L25: 108 | M25: 89 | N25: 22 | O25: 49 | P25: 61 | Q25: 42 | R25: 180 | S25: 806 | T25: 15 | U25: 29 | V25: 52 | W25: 15 | X25: 20 | Y25: 42 | Z25: 51 | AA25: 12 | AB25: 33 | AC25: 29 | AD25: 21 | AE25: 61 | AF25: 380 | AG25: 13 | AH25: 17 | AI25: 12 | AJ25: 3 | AK25: 15 | AL25: 24 | AM25: 21 | AN25: 4 | AO25: 16 | AP25: 7 | AQ25: 11 | AR25: 14 | AS25: 157 | AT25: 14 | AU25: 32 | AV25: 39 | AW25: 8 | AX25: 27 | AY25: 27 | AZ25: 50 | BA25: 10 | BB25: 23 | BC25: 6 | BD25: 49 | BE25: 55 | BF25: 340 | BG25: 9 | BH25: 40 | BI25: 85 | BJ25: 47 | BK25: 45 | BL25: 25 | BM25: 45 | BN25: 32 | BO25: 28 | BP25: 21 | BQ25: 44 | BR25: 59 | BS25: 480 | BT25: 5807
A29: 737NG | B29: =SUM(B5:B9) -> 434 | C29: =SUM(C5:C9) -> 482 | D29: =SUM(D5:D9) -> 491 | E29: =SUM(E5:E9) -> 490 | F29: =SUM(F5:F9) -> 455 | G29: =SUM(G5:G9) -> 14 | H29: =SUM(H5:H9) -> 22 | I29: =SUM(I5:I9) -> 30 | ... BS29: =SUM(BS5:BS9) -> 12
A31: 737MAX | B31: =B4 -> 0 | C31: =C4 -> 0 | D31: =D4 -> 0 | E31: =E4 -> 0 | F31: =F4 -> 74 | G31: =G4 -> 9 | H31: =H4 -> 25 | I31: =I4 -> 26 | ... BS31: =BS4 -> 374
A33: 767 | B33: =SUM(B12:B14) -> 21 | C33: =SUM(C12:C14) -> 6 | D33: =SUM(D12:D14) -> 16 | E33: =SUM(E12:E14) -> 13 | F33: =SUM(F12:F14) -> 10 | G33: =SUM(G12:G14) -> 7 | H33: =SUM(H12:H14) -> 0 | I33: =SUM(I12:I14) -> 1 | ... BS33: =SUM(BS12:BS14) -> 33
A35: 747-8 | B35: =SUM(B10:B11) -> 24 | C35: =SUM(C10:C11) -> 19 | D35: =SUM(D10:D11) -> 18 | E35: =SUM(E10:E11) -> 9 | F35: =SUM(F10:F11) -> 14 | G35: =SUM(G10:G11) -> 0 | H35: =SUM(H10:H11) -> 0 | I35: =SUM(I10:I11) -> 0 | ... BS35: =SUM(BS10:BS11) -> 5
A37: 777 | B37: =SUM(B15:B17) -> 84 | C37: =SUM(C15:C17) -> 86 | D37: =SUM(D15:D17) -> 79 | E37: =SUM(E15:E17) -> 88 | F37: =SUM(F15:F17) -> 65 | G37: =SUM(G15:G17) -> 0 | H37: =SUM(H15:H17) -> 0 | I37: =SUM(I15:I17) -> 0 | ... BS37: =SUM(BS15:BS17) -> 3
A39: 777X | B39: =B18 -> 14 | C39: =C18 -> 13 | D39: =D18 -> 19 | E39: =E18 -> 11 | F39: =F18 -> 9 | G39: =G18 -> 1 | H39: =H18 -> 0 | I39: =I18 -> 1 | ... BS39: =BS18 -> 21
A41: 787 | B41: =SUM(B19:B21) -> 65 | C41: =SUM(C19:C21) -> 114 | D41: =SUM(D19:D21) -> 135 | E41: =SUM(E19:E21) -> 137 | F41: =SUM(F19:F21) -> 136 | G41: =SUM(G19:G21) -> 7 | H41: =SUM(H19:H21) -> 15 | I41: =SUM(I19:I21) -> 23 | ... BS41: =SUM(BS19:BS21) -> 31
A43: Total WWD | B43: =SUM(B29:B41) -> 642 | C43: =SUM(C29:C41) -> 720 | D43: =SUM(D29:D41) -> 758 | E43: =SUM(E29:E41) -> 748 | F43: =SUM(F29:F41) -> 763 | G43: =SUM(G29:G41) -> 38 | H43: =SUM(H29:H41) -> 62 | I43: =SUM(I29:I41) -> 81 | ... BS43: =SUM(BS29:BS41) -> 479
A45: BBJ | B45: =SUM(B22:B24) -> 6 | C45: =SUM(C22:C24) -> 3 | D45: =SUM(D22:D24) -> 4 | E45: =SUM(E22:E24) -> 0 | F45: =SUM(F22:F24) -> 0 | G45: =SUM(G22:G24) -> 0 | H45: =SUM(H22:H24) -> 1 | I45: =SUM(I22:I24) -> 0 | ... BS45: =SUM(BS22:BS24) -> 1
A47: Recon | B47: =B43+B45 -> 648 | C47: =C43+C45 -> 723 | D47: =D43+D45 -> 762 | E47: =E43+E45 -> 748 | F47: =F43+F45 -> 763 | G47: =G43+G45 -> 38 | H47: =H43+H45 -> 63 | I47: =I43+I45 -> 81 | ... BS47: =BS43+BS45 -> 480
A49: Check | B49: =B47-B25 -> 0 | C49: =C47-C25 -> 0 | D49: =D47-D25 -> 0 | E49: =E47-E25 -> 0 | F49: =F47-F25 -> 0 | G49: =G47-G25 -> 0 | H49: =H47-H25 -> 0 | I49: =I47-I25 -> 0 | ... BS49: =BS47-BS25 -> 0
A52: Quarterly
A54: 737NG | I54: =SUM(G29:I29) -> 66 | L54: =SUM(J29:L29) -> 89 | O54: =SUM(M29:O29) -> 67 | R54: =SUM(P29:R29) -> 101 | V54: =SUM(T29:V29) -> 28 | Y54: =SUM(W29:Y29) -> 1 | AB54: =SUM(Z29:AB29) -> 17 | AE54: =SUM(AC29:AE29) -> 23 | AI54: =SUM(AG29:AI29) -> 11 | AL54: =SUM(AJ29:AL29) -> 3 | AO54: =SUM(AM29:AO29) -> 2 | AR54: =SUM(AP29:AR29) -> 0 | AV54: =SUM(AT29:AV29) -> 16 | AY54: =SUM(AW29:AY29) -> 0 | BB54: =SUM(AZ29:BB29) -> 0 | BE54: =SUM(BC29:BE29) -> 0 | BI54: =SUM(BG29:BI29) -> 12 | BL54: =SUM(BJ29:BL29) -> 0 | BO54: =SUM(BM29:BO29) -> 0 | BR54: =SUM(BP29:BR29) -> 0
A55: 737MAX | I55: =SUM(G31:I31) -> 60 | L55: =SUM(J31:L31) -> 37 | O55: =SUM(M31:O31) -> 61 | R55: =SUM(P31:R31) -> 98 | V55: =SUM(T31:V31) -> 11 | Y55: =SUM(W31:Y31) -> 10 | AB55: =SUM(Z31:AB31) -> 15 | AE55: =SUM(AC31:AE31) -> 21 | AI55: =SUM(AG31:AI31) -> 10 | AL55: =SUM(AJ31:AL31) -> 5 | AO55: =SUM(AM31:AO31) -> 5 | AR55: =SUM(AP31:AR31) -> 7 | AV55: =SUM(AT31:AV31) -> 54 | AY55: =SUM(AW31:AY31) -> 46 | BB55: =SUM(AZ31:BB31) -> 41 | BE55: =SUM(BC31:BE31) -> 104 | BI55: =SUM(BG31:BI31) -> 99 | BL55: =SUM(BJ31:BL31) -> 88 | BO55: =SUM(BM31:BO31) -> 79 | BR55: =SUM(BP31:BR31) -> 108
A56: 767 | I56: =SUM(G33:I33) -> 8 | L56: =SUM(J33:L33) -> 2 | O56: =SUM(M33:O33) -> 13 | R56: =SUM(P33:R33) -> 4 | V56: =SUM(T33:V33) -> 11 | Y56: =SUM(W33:Y33) -> 5 | AB56: =SUM(Z33:AB33) -> 27 | AE56: =SUM(AC33:AE33) -> 0 | AI56: =SUM(AG33:AI33) -> 5 | AL56: =SUM(AJ33:AL33) -> 8 | AO56: =SUM(AM33:AO33) -> 17 | AR56: =SUM(AP33:AR33) -> 0 | AV56: =SUM(AT33:AV33) -> 3 | AY56: =SUM(AW33:AY33) -> 7 | BB56: =SUM(AZ33:BB33) -> 20 | BE56: =SUM(BC33:BE33) -> 2 | BI56: =SUM(BG33:BI33) -> 9 | BL56: =SUM(BJ33:BL33) -> 8 | BO56: =SUM(BM33:BO33) -> 16 | BR56: =SUM(BP33:BR33) -> 0
A57: 747-8 | I57: =SUM(G35:I35) -> 0 | L57: =SUM(J35:L35) -> 0 | O57: =SUM(M35:O35) -> 0 | R57: =SUM(P35:R35) -> 6 | V57: =SUM(T35:V35) -> 1 | Y57: =SUM(W35:Y35) -> 0 | AB57: =SUM(Z35:AB35) -> 0 | AE57: =SUM(AC35:AE35) -> 6 | AI57: =SUM(AG35:AI35) -> 4 | AL57: =SUM(AJ35:AL35) -> 1 | AO57: =SUM(AM35:AO35) -> 0 | AR57: =SUM(AP35:AR35) -> 0 | AV57: =SUM(AT35:AV35) -> 7 | AY57: =SUM(AW35:AY35) -> 0 | BB57: =SUM(AZ35:BB35) -> 0 | BE57: =SUM(BC35:BE35) -> 0 | BI57: =SUM(BG35:BI35) -> 5 | BL57: =SUM(BJ35:BL35) -> 0 | BO57: =SUM(BM35:BO35) -> 0 | BR57: =SUM(BP35:BR35) -> 0
A58: 777 | I58: =SUM(G37:I37) -> 0 | L58: =SUM(J37:L37) -> 5 | O58: =SUM(M37:O37) -> 5 | R58: =SUM(P37:R37) -> 22 | V58: =SUM(T37:V37) -> 0 | Y58: =SUM(W37:Y37) -> 2 | AB58: =SUM(Z37:AB37) -> 8 | AE58: =SUM(AC37:AE37) -> 10 | AI58: =SUM(AG37:AI37) -> 0 | AL58: =SUM(AJ37:AL37) -> 0 | AO58: =SUM(AM37:AO37) -> 0 | AR58: =SUM(AP37:AR37) -> 4 | AV58: =SUM(AT37:AV37) -> 0 | AY58: =SUM(AW37:AY37) -> 0 | BB58: =SUM(AZ37:BB37) -> 6 | BE58: =SUM(BC37:BE37) -> 2 | BI58: =SUM(BG37:BI37) -> 0 | BL58: =SUM(BJ37:BL37) -> 0 | BO58: =SUM(BM37:BO37) -> 0 | BR58: =SUM(BP37:BR37) -> 3
A59: 777X | I59: =SUM(G39:I39) -> 2 | L59: =SUM(J39:L39) -> 3 | O59: =SUM(M39:O39) -> 4 | R59: =SUM(P39:R39) -> 7 | V59: =SUM(T39:V39) -> 7 | Y59: =SUM(W39:Y39) -> 7 | AB59: =SUM(Z39:AB39) -> 7 | AE59: =SUM(AC39:AE39) -> 4 | AI59: =SUM(AG39:AI39) -> 0 | AL59: =SUM(AJ39:AL39) -> 10 | AO59: =SUM(AM39:AO39) -> 5 | AR59: =SUM(AP39:AR39) -> 7 | AV59: =SUM(AT39:AV39) -> 2 | AY59: =SUM(AW39:AY39) -> 8 | BB59: =SUM(AZ39:BB39) -> 6 | BE59: =SUM(BC39:BE39) -> 0 | BI59: =SUM(BG39:BI39) -> 0 | BL59: =SUM(BJ39:BL39) -> 8 | BO59: =SUM(BM39:BO39) -> 8 | BR59: =SUM(BP39:BR39) -> 5
A60: 787 | I60: =SUM(G41:I41) -> 45 | L60: =SUM(J41:L41) -> 45 | O60: =SUM(M41:O41) -> 10 | R60: =SUM(P41:R41) -> 45 | V60: =SUM(T41:V41) -> 38 | Y60: =SUM(W41:Y41) -> 51 | AB60: =SUM(Z41:AB41) -> 22 | AE60: =SUM(AC41:AE41) -> 47 | AI60: =SUM(AG41:AI41) -> 12 | AL60: =SUM(AJ41:AL41) -> 15 | AO60: =SUM(AM41:AO41) -> 12 | AR60: =SUM(AP41:AR41) -> 14 | AV60: =SUM(AT41:AV41) -> 1 | AY60: =SUM(AW41:AY41) -> 1 | BB60: =SUM(AZ41:BB41) -> 10 | BE60: =SUM(BC41:BE41) -> 2 | BI60: =SUM(BG41:BI41) -> 8 | BL60: =SUM(BJ41:BL41) -> 13 | BO60: =SUM(BM41:BO41) -> 2 | BR60: =SUM(BP41:BR41) -> 8
A62: Total WWD | B62: =SUM(B54:B60) -> 0 | C62: =SUM(C54:C60) -> 0 | D62: =SUM(D54:D60) -> 0 | E62: =SUM(E54:E60) -> 0 | F62: =SUM(F54:F60) -> 0 | G62: =SUM(G54:G60) -> 0 | H62: =SUM(H54:H60) -> 0 | I62: =SUM(I54:I60) -> 181 | ... BS62: =SUM(BS54:BS60) -> 0

Sheet F35 lots
C6: 2021 | D6: 4Q21 | E6: 4Q22 | F6: 2022 | G6: 2023 | H6: 2024 | I6: 2025
B7: Actual | C7: 142 | D7: 52 | E7: 53 | F7: 141 | G7: =MEDIAN(147,153) -> 150 | H7: =MEDIAN(147,153) -> 150 | I7: 156
B8: Contract | C8: 154 | F8: 154

Sheet Company Financials>>

Sheet Sheet (3)
B1: Three-Months Ended December 31,
B2: 2022 | C2: 2021
A3: Cash flows from operating activities:
A4: Net earnings | B4: 29606 | C4: 30305
A5: Adjustments to reconcile net earnings to net cash provided by operating activities:
A6: Depreciation and amortization | B6: 29304 | C6: 30721
A7: Net loss (gain) on sales of assets and businesses | B7: 33 | C7: -1538
A8: Stock-based compensation | B8: 11316 | C8: 11892
A9: Changes in operating assets and liabilities:
A10: Trade accounts receivable | B10: 31318 | C10: 55907
A11: Unbilled receivables (contract assets) | B11: -12226 | C11: -37067
A12: Costs to fulfill a contract | B12: -496 | C12: -4782
A13: Inventories | B13: -50559 | C13: -32890
A14: Accounts payable and accrued liabilities | B14: -30412 | C14: -32142
A15: Contract liabilities | B15: 2065 | C15: 4029
A16: Income taxes | B16: 890 | C16: 8813
A17: Retirement benefit obligations | B17: -664 | C17: -1163
A18: Other | B18: -4773 | C18: 7205
A19: Net cash provided by operating activities | B19: 5402 | C19: 39290
A21: Cash flows from investing activities:
A22: Payments for purchase of property, plant, and equipment | B22: -24390 | C22: -13123
A23: Proceeds from sale of assets | B23: 30 | C23: 1
A24: Business acquisition, net of cash acquired | B24: 878 | C24: 0
A25: Proceeds from sales of short-term investments | B25: 7 | C25: 7
A26: Net cash (used in) investing activities | B26: -23475 | C26: -13115
A28: Cash flows from financing activities:
A29: Cash dividends paid | B29: -11355 | C29: -10247
A30: Proceeds from sales of treasury stock | B30: 1199 | C30: 3198
A31: Payments for repurchases of common stock | B31: -26369 | C31: -39258
A32: Borrowings on revolving lines of credit and short-term borrowings | B32: 413700 | C32: 0
A33: Payments on revolving lines of credit and short-term borrowings | B33: -371200 | C33: 0
A34: Payments of long-term debt and finance lease obligations | B34: -98 | C34: -381
A35: Net cash provided by (used in) financing activities | B35: 5877 | C35: -46688
A36: Effect of exchange rate changes on cash and cash equivalents | B36: 3687 | C36: -967
A37: Net change in cash and cash equivalents | B37: -8509 | C37: -21480
A38: Cash and cash equivalents, including restricted cash, at beginning of year | B38: 107844 | C38: 448462
A39: Cash and cash equivalents, including restricted cash, at end of period | B39: 99335 | C39: 426982
A41: Source

Sheet Sheet (4)
B1: Three-Months Ended December 31,
B2: 2019 | C2: 2018
A4: Cash flows from operating activities:
A5: Net earnings | B5: 53373 | C5: 49120
A6: Adjustments to reconcile net earnings to net cash provided by operating activities:
A7: Depreciation and amortization | B7: 32451 | C7: 38642
A8: Impairment of assets held for sale | B8: 37902 | C8: 0
A9: Net loss (gain) on sales of assets | B9: -13547 | C9: 79
A10: Stock-based compensation | B10: 10982 | C10: 10851
A11: Deferred income taxes | B11: -47 | C11: -4181
A12: Changes in operating assets and liabilities:
A13: Trade accounts receivable | B13: 37652 | C13: 52851
A14: Unbilled receivables (contract assets) | B14: -33150 | C14: -4705
A15: Costs to fulfill a contract | B15: -6401 | C15: -7293
A16: Inventories | B16: -17065 | C16: -32393
A17: Accounts payable and accrued liabilities | B17: -79535 | C17: -38145
A18: Contract liabilities | B18: -144 | C18: 10050
A19: Income taxes | B19: 1001 | C19: 8581
A20: Retirement benefit obligations | B20: -1490 | C20: -926
A21: Other | B21: 5463 | C21: 2181
A22: Net cash provided by operating activities | B22: 27445 | C22: 84712
A24: Cash flows from investing activities:
A25: Payments for purchase of property, plant, and equipment | B25: -17232 | C25: -31346
A26: Proceeds from sale of assets | B26: 18809 | C26: 249
A27: Proceeds from sales of short-term investments | B27: 0 | C27: 27
A28: Payments for purchases of short-term investments | B28: -2 | C28: -947
A29: Net cash provided by (used in) investing activities | B29: 1575 | C29: -32017
A31: Cash flows from financing activities:
A32: Cash dividends paid | B32: -10064 | C32: -8808
A33: Proceeds from sales of treasury stock | B33: 7558 | C33: 3384
A34: Borrowings on revolving lines of credit and short-term borrowings | B34: 461633 | C34: 542847
A35: Payments on revolving lines of credit and short-term borrowings | B35: -441500 | C35: -501218
A36: Payments of long-term debt and finance lease obligations | B36: -439 | C36: -100132
A37: Net cash provided by (used in) financing activities | B37: 17188 | C37: -63927
A38: Effect of exchange rate changes on cash and cash equivalents | B38: 2727 | C38: -728
A39: Net change in cash and cash equivalents | B39: 48935 | C39: -11960
A40: Cash and cash equivalents, including restricted cash, at beginning of year | B40: 99073 | C40: 83594
A41: Cash and cash equivalents, including restricted cash, at end of period | B41: 148008 | C41: 71634
A43: Source

Sheet Sheet (2)
B1: Three-Months Ended
B2: December 31,
B3: 2022 | C3: 2021
A4: Net sales | B4: 618619 | C4: 541586
A5: Costs and expenses:
A6: Cost of goods sold | B6: 492663 | C6: 419151
A7: Selling, general and administrative expenses | B7: 63187 | C7: 62306
A8: Research and development costs | B8: 28634 | C8: 25392
A9: Interest expense | B9: 11142 | C9: 8306
A10: Interest income | B10: -366 | C10: -641
A11: Other (income) expense, net | B11: -8390 | C11: -10674
A12: Total costs and expenses | B12: 586870 | C12: 503840
A13: Earnings before income taxes | B13: 31749 | C13: 37746
A14: Income tax expense | B14: 2143 | C14: 7441
A15: Net earnings | B15: 29606 | C15: 30305
A17: Earnings per share:
A18: Basic earnings per share | B18: 0.5 | C18: 0.48
A19: Diluted earnings per share | B19: 0.49 | C19: 0.47
A21: Weighted Average Common Shares Outstanding:
A22: Basic | B22: 59667 | C22: 63094
A23: Diluted | B23: 60928 | C23: 65099
A25: Source

Sheet Sheet
B1: December 31, | C1: September 30,
B2: 2022 | C2: 2022
A3: ASSETS
A4: Current assets:
A5: Cash and cash equivalents | B5: 99335 | C5: 107844
A6: Accounts receivable, less allowance for uncollectible amounts of $4,203 and $3,922, respectively | B6: 597053 | C6: 609964
A7: Inventories | B7: 573834 | C7: 514287
A8: Income taxes receivable | B8: 5051 | C8: 5179
A9: Other current assets | B9: 84229 | C9: 74695
A10: Total current assets | B10: 1359502 | C10: 1311969
A11: Property, plant and equipment, net | B11: 921665 | C11: 910472
A12: Goodwill | B12: 793920 | C12: 772559
A13: Intangible assets, net | B13: 485644 | C13: 460580
A14: Deferred income tax assets | B14: 24849 | C14: 23447
A15: Other assets | B15: 309228 | C15: 327419
A16: Total assets | B16: 3894808 | C16: 3806446
A17: LIABILITIES AND STOCKHOLDERS' EQUITY
A18: Current liabilities:
A19: Short-term debt | B19: 109300 | C19: 66800
A20: Current portion of long-term debt | B20: 76027 | C20: 856
A21: Accounts payable | B21: 219365 | C21: 230519
A22: Income taxes payable | B22: 37086 | C22: 34655
A23: Accrued liabilities | B23: 191383 | C23: 206283
A24: Total current liabilities | B24: 633161 | C24: 539113
A25: Long-term debt, less current portion | B25: 649093 | C25: 709760
A26: Deferred income tax liabilities | B26: 136825 | C26: 127195
A27: Other liabilities | B27: 536294 | C27: 529256
A28: Total liabilities | B28: 1955373 | C28: 1905324
A29: Commitments and contingencies (Note 22)
A30: Stockholders' equity:
A31: Preferred stock, par value $0.003 per share, 10,000 shares authorized, no shares issued | B31: 0 | C31: 0
A32: Common stock, par value $0.001455 per share, 150,000 shares authorized, 72,960 shares issued | B32: 106 | C32: 106
A33: Additional paid-in capital | B33: 305100 | C33: 293540
A34: Accumulated other comprehensive losses | B34: -58632 | C34: -92563
A35: Deferred compensation | B35: 5975 | C35: 6781
A36: Retained earnings | B36: 2745484 | C36: 2727233
B37: 2998033 | C37: 2935097
A38: Treasury stock at cost, 13,460 shares and 13,207 shares, respectively | B38: -1052623 | C38: -1027194
A39: Treasury stock held for deferred compensation, at cost, 122 shares and 139 shares, respectively | B39: -5975 | C39: -6781
A40: Total stockholders' equity | B40: 1939435 | C40: 1901122
A41: Total liabilities and stockholders' equity | B41: 3894808 | C41: 3806446
A43: Source
